 Dungeon Crawl Stone Soup version 0.29.1-1-gd02db6906a (webtiles) character file.

Game seed: 10878849952960270627

1975865 sleeves the Hoplite (level 27, 201/228 (238) HPs)
             Began as a Gnoll Berserker on Oct 2, 2022.
             Was the Champion of Trog.
             Escaped with the Orb
             ... and 4 runes on Oct 3, 2022!
             The game lasted 02:40:52 (92976 turns).

sleeves the Hoplite (Gnoll Berserker)              Turns: 92976, Time: 02:40:53

HP:   201/228 (238) AC: 49    Str: 28    XL:     27
MP:   46/46         EV: 22    Int:  7    God:    Trog [******]
Gold: 6637          SH: 27    Dex: 29    Spells: 65/65 levels left

rFire   + + +      SeeInvis +   J - +8 mithril axe "Arga" {speed, Will+}
rCold   + + +      Faith    .   V - +2 shield of Resistance {rF++ rC++ Will++}
rNeg    . . .      Spirit   .   Q - +11 gold dragon scales
rPois   +          Reflect  +   j - +5 helmet of Beyond {Dex+3}
rElec   +          Harm     .   A - scarf {rC+ rF+}
rCorr   .          Rampage  .   o - +3 pair of gauntlets of War {Slay+5}
Will    +++++                   b - +2 pair of boots {Fly}
Stlth   +.........              m - amulet of reflection
HPRegen 0.48/turn               P - ring of the Cockroach {rElec Dex+6 SInv Stlth+}
MPRegen 0.30/turn               G - ring "Qubu" {Str+6 Slay+5}

@: flying, hasted (expiring), studying 2 skills, lightly drained, very quick
A: fangs 1, strong nose, distributed training, mutation resistance 1
0: Orb of Zot
}: 4/15 runes: barnacled, slimy, silver, gossamer
a: Renounce Religion, Berserk, Trog's Hand, Brothers in Arms


You escaped.
You worshipped Trog.
Trog was exalted by your worship.
You visited 11 branches of the dungeon, and saw 55 of its levels.
You visited 1 bazaar.
You also visited: Trove, Sewer, Bailey and Desolation.

You collected 10812 gold pieces.
You spent 4175 gold pieces at shops.

Inventory:

Hand Weapons
 J - the +8 mithril axe "Arga" (weapon) {speed, Will+}
   (You took it off a ragged hierophant in the Desolation of Salt)

   Attacks with this weapon are significantly faster.
   Will:      It increases your willpower.
 W - a +7 antimagic demon whip {god gift}
   (Trog gifted it to you on level 10 of the Dungeon)
 X - a +1 vampiric broad axe
   (You found it in the Desolation of Salt)
Missiles
 r - 58 boomerangs (quivered)
 v - 9 curare-tipped darts
 z - 7 silver javelins
 B - 6 atropa-tipped darts
 M - 14 javelins
Armour
 a - a +6 tower shield of protection
   (You found it in the Desolation of Salt)
 b - a +2 pair of boots of flying (worn)
   (You bought it in a shop in a bazaar)
 j - the +5 helmet of Beyond (worn) {Dex+3}
   (You found it on level 5 of the Realm of Zot)

   Dex:       It affects your dexterity (+3).
 o - the +3 pair of gauntlets of War (worn) {Slay+5}
   (You took it off Nikola on level 3 of the Shoals)

   Slay:      It affects your accuracy & damage with ranged weapons and melee
   (+5).
 A - a scarf of resistance (worn)
   (You found it on level 3 of the Dungeon)
 Q - +11 gold dragon scales (worn)
   (You took it off Parghit on level 3 of the Depths)
 R - the +7 crystal plate armour "Yroung" {Fly rN+ Dex-3 Stlth+}
   (You acquired it on level 2 of the Orcish Mines)

   Dex:       It affects your dexterity (-3).
   rN:        It protects you from negative energy.
   Fly:       It grants you flight.
   Stlth:     It makes you more stealthy.
 V - the +2 shield of Resistance (worn) {rF++ rC++ Will++}
   (You found it on level 3 of the Elven Halls)

   rF:        It greatly protects you from fire.
   rC:        It greatly protects you from cold.
   Will:      It greatly increases your willpower.
Jewellery
 m - an amulet of reflection (around neck)
   (You found it on level 2 of the Dungeon)
 p - a ring of resist corrosion
   (You took it off an ironbound preserver on level 1 of the Vaults)
 y - a ring of willpower
   (You found it on level 3 of the Dungeon)
 G - the ring "Qubu" (right hand) {Str+6 Slay+5}
   (You found it in the Desolation of Salt)

   [ring of strength]

   Str:       It affects your strength (+6).
   Slay:      It affects your accuracy & damage with ranged weapons and melee
   (+5).
 L - a ring of poison resistance
   (You took it off a centaur warrior on level 15 of the Dungeon)
 P - the ring of the Cockroach (left hand) {rElec Dex+6 SInv Stlth+}
   (You bought it in a shop on level 1 of the Elven Halls)

   [ring of dexterity]

   Dex:       It affects your dexterity (+6).
   rElec:     It insulates you from electricity.
   SInv:      It lets you see invisible.
   Stlth:     It makes you more stealthy.
 S - a ring of protection from cold
   (You found it on level 8 of the Dungeon)
 U - the ring of Orghaum {rF+ EV+4}
   (You bought it in a shop on level 2 of the Orcish Mines)

   [ring of evasion]

   EV:        It affects your evasion (+4).
   rF:        It protects you from fire.
Wands
 e - a wand of digging (8)
   (You took it off Nergalle on level 2 of the Lair of Beasts)
 K - a wand of roots (31)
   (You found it on level 7 of the Dungeon)
 O - a wand of light (24)
   (You found it on level 1 of the Lair of Beasts)
Scrolls
 d - 2 scrolls of summoning
 g - 2 scrolls of silence
 h - 21 scrolls of teleportation
 q - 11 scrolls of enchant weapon
 C - 9 scrolls of butterflies
 D - 2 scrolls of brand weapon
 N - 9 scrolls of fear
 T - 7 scrolls of blinking
 Y - 3 scrolls of magic mapping
Potions
 c - 9 potions of might
 f - a potion of magic
 i - 7 potions of berserk rage
 s - 15 potions of ambrosia
 u - 12 potions of mutation
 w - 4 potions of haste
 x - 4 potions of invisibility
 E - 13 potions of cancellation
 F - 4 potions of resistance
 H - 8 potions of heal wounds
 I - 19 potions of curing
Miscellaneous
 k - a condenser vane
   (You found it in a treasure trove)
 l - a tin of tremorstones (2/2)
   (You found it in a treasure trove)
 n - a lightning rod (4/4)
   (You found it in a treasure trove)
 t - a phantom mirror
   (You found it on level 5 of the Lair of Beasts)
 Z - a phial of floods
   (You found it in the Desolation of Salt)


   Skills:
 + Level 24.0 Fighting
 + Level 19.6 Short Blades
 + Level 19.6 Long Blades
 + Level 20.4 Axes
 + Level 19.6 Maces & Flails
 + Level 19.6 Polearms
 + Level 19.6 Staves
 + Level 19.6 Ranged Weapons
 + Level 19.6 Throwing
 + Level 20.0 Armour
 + Level 20.0 Dodging
 + Level 19.6 Stealth
 + Level 24.9 Shields
 + Level 19.6 Unarmed Combat
 + Level 19.6 Spellcasting
 + Level 16.7 Conjurations
 + Level 16.7 Hexes
 + Level 16.7 Summonings
 + Level 16.7 Necromancy
 + Level 16.7 Translocations
 + Level 16.7 Transmutations
 + Level 16.7 Fire Magic
 + Level 16.7 Ice Magic
 + Level 16.7 Air Magic
 + Level 16.7 Earth Magic
 + Level 16.7 Poison Magic
 + Level 21.1 Invocations
 + Level 22.7 Evocations


You had 65 spell levels left.
You didn't know any spells.
Your spell library was empty.

Dungeon Overview and Level Annotations

Branches:
Dungeon (15/15)            Temple (0/1) D:4            Lair (5/5) D:8
 Shoals (4/4) Lair:2       Spider (4/4) Lair:2        Slime (5/5) Lair:5
    Orc (2/2) D:10            Elf (3/3) Orc:2        Vaults (5/5) D:13
  Crypt (3/3) Vaults:3       Tomb (0/3) Crypt:3      Depths (4/4) D:15
    Zot (5/5) Depths:4      Sewer (visited)          Bailey (visited)
Desolation (visited)

Altars:
Cheibriados
Dithmenos
Gozag
Kikubaaqudgha
Nemelex Xobeh
Qazlal
Sif Muna
Uskayaw
Vehumet
Wu Jian
Yredelemnul
Jiyva
Lugonu

Shops:
D:9 *   D:10 =*   Orc:1 *   Orc:2 (=**   Elf:1 *   Elf:2 (!*?(   Elf:3 (
Vaults:3 ?   Depths:1 [([(*[:[   Depths:2 =

Portals:
Hell: Depths:1 Depths:2 Depths:3 Depths:4
Abyss: Lair:5 Depths:1 Depths:3
Pandemonium: Orc:2 Depths:2 Depths:3 Depths:4
Ziggurat: Depths:1

Annotations:
D:5 1 runed translucent door, 0gre's ghost, amateur GnIE
D:9 1 runed translucent door, freelancePsychic's ghost, novice SpHu
Crypt:1 3 runed translucent doors, exclusion: obsidian statue, Xenat's ghost, veteran MiGl
Crypt:3 Grunn
Depths:2 2 transporters
Depths:3 Sojobo
Zot:4 1 runed translucent door, wilo's ghost, master MfBe
Zot:5 1 exclusion


Innate Abilities, Weirdness & Mutations

You have very sharp teeth.
Your uncanny sense of smell can sniff out nearby items.
Your experience applies equally to all skills.
You are somewhat resistant to further mutation.


Message History

You kill the Orb Guardian!
Trog accepts your kill.
You slash the moth of wrath! You block the moth of wrath's attack.
You feel your intelligence returning.
You slice the moth of wrath!!
You kill the moth of wrath!
Trog accepts your kill.
No target in view!
No target in view!
No target in view!
Things that are here:
+0 gold dragon scales; a golden dragon corpse
Found 5 gold pieces.
An Orb Guardian comes into view.
You block the Orb Guardian's attack.
You see here the Orb of Zot.
You slice the Orb Guardian like a ripe choko!!!
You bite the Orb Guardian, but do no damage.
The Orb Guardian is severely wounded.
You block the Orb Guardian's attack.
You slice the Orb Guardian!!
You kill the Orb Guardian!
Trog accepts your kill.
No target in view!
No target in view!
You feel yourself speed up.
You pick up the Orb of Zot!
The Orb lets out a hideous shriek!
The lords of Pandemonium are not amused.
Beware!
Now all you have to do is get back out of the dungeon!
You hear a shout! x5; You hear a deafening roar!
You hear a shout!
Things that are here:
a +9 club; a Killer Klown corpse You see here a +9 club of flaming.
Your extra speed is starting to run out.
You feel yourself slow down.
There is a stone staircase leading up here.
You fly upwards.
Level annotation: 1 runed translucent door, wilo's ghost, master MfBe
There is a stone staircase leading down here.
A cacodemon comes into view.
You can't go up here!
An orange demon and a sixfirhy come into view.
The orange demon screeches!
You block the cacodemon's attack. The cacodemon completely misses you.
The orange demon moves out of view.
You hit the cacodemon but do no damage. You slash the cacodemon!
You bite the cacodemon, but do no damage.
The cacodemon is lightly wounded.
You slash the sixfirhy! You miss the sixfirhy.
The sixfirhy is heavily wounded.
You hit the cacodemon but do no damage. You block the cacodemon's attack. x2
You closely miss the sixfirhy.
The sixfirhy is moderately wounded.
You completely miss the cacodemon. You slash the sixfirhy!
The sixfirhy is severely wounded.
You slash the cacodemon!
The cacodemon hits you but does no damage.
You block the cacodemon's attack.
You slice the sixfirhy!!
You kill the sixfirhy!
Trog accepts your kill.
You barely miss the cacodemon. You slice the cacodemon!!
The cacodemon is heavily wounded.
You block the cacodemon's attack.
The cacodemon hits you but does no damage.
The orange demon closely misses you.
You slash the cacodemon!
The cacodemon is heavily wounded.
You barely miss the cacodemon.
You bite the cacodemon, but do no damage.
The cacodemon is heavily wounded.
The cacodemon completely misses you. You block the cacodemon's attack.
You block the orange demon's attack.
You slash the cacodemon!
The cacodemon is severely wounded.
You slash the cacodemon!
The cacodemon is severely wounded.
You block the orange demon's attack. You block the cacodemon's attack. x2
You open the cacodemon like a pillowcase!!!
You kill the cacodemon!
Trog accepts your kill. You block the orange demon's attack. x2
You hit the orange demon but do no damage.
You slash the orange demon!
The orange demon is moderately wounded.
You block the orange demon's attack. x2
You slice the orange demon!! Your bite misses the orange demon.
The orange demon is almost dead.
You slash the orange demon!
You kill the orange demon!
Trog accepts your kill.
No target in view!
No target in view!
No target in view!
(D) Dungeon (T) Temple (L) Lair (A) Shoals (N) Spider Nest (M) Slime Pits (O) Orcish Mines (E) Elven Halls (V) Vaults (C) Crypt (W) Tomb (U) Depths (H) Hell (Z) Zot
Where to? (Enter - Zot:4 @ (x,y), ? - help)
There is a stone staircase leading up here.
You fly upwards.
There is a stone staircase leading down here.
(D) Dungeon (T) Temple (L) Lair (A) Shoals (N) Spider Nest (M) Slime Pits (O) Orcish Mines (E) Elven Halls (V) Vaults (C) Crypt (W) Tomb (U) Depths (H) Hell (Z) Zot
Where to? (Enter - Zot:3, ? - help)
There is an open door here.
There is a stone staircase leading up here.
You fly upwards.
There is a stone staircase leading down here.
(D) Dungeon (T) Temple (L) Lair (A) Shoals (N) Spider Nest (M) Slime Pits (O) Orcish Mines (E) Elven Halls (V) Vaults (C) Crypt (W) Tomb (U) Depths (H) Hell (Z) Zot
Where to? (Enter - Zot:2, ? - help)
A ynoxinul comes into view.
(D) Dungeon (T) Temple (L) Lair (A) Shoals (N) Spider Nest (M) Slime Pits (O) Orcish Mines (E) Elven Halls (V) Vaults (C) Crypt (W) Tomb (U) Depths (H) Hell (Z) Zot
Where to? (Enter - Zot:1, ? - help)
A ynoxinul is nearby!
You block the ynoxinul's attack.
You slice the ynoxinul!!
The ynoxinul is almost dead.
You slice the ynoxinul!!
You kill the ynoxinul!
Trog accepts your kill.
No target in view!
(D) Dungeon (T) Temple (L) Lair (A) Shoals (N) Spider Nest (M) Slime Pits (O) Orcish Mines (E) Elven Halls (V) Vaults (C) Crypt (W) Tomb (U) Depths (H) Hell (Z) Zot
Where to? (Enter - Zot:1, ? - help)
There is a stone staircase leading up here.
You fly upwards.
The green draconian monk roars!
The black draconian roars!
The purple draconian roars!
The white draconian breathes frost at you.
The blast of cold misses you.
The white draconian breathes frost at you.
The blast of cold hits you. You resist.
There is a stone staircase leading down here.
(D) Dungeon (T) Temple (L) Lair (A) Shoals (N) Spider Nest (M) Slime Pits (O) Orcish Mines (E) Elven Halls (V) Vaults (C) Crypt (W) Tomb (U) Depths (H) Hell (Z) Zot
Where to? (Enter - Zot:1, ? - help)
There are monsters nearby!
Unknown command.
You slice the yellow draconian!!
The yellow draconian is moderately wounded.
You slash the white draconian!
The purple draconian breathes dispelling energy at you.
The bolt of dispelling energy misses you.
You slash the yellow draconian!
The yellow draconian is heavily wounded.
You slice the white draconian!!
You block the yellow draconian's attack.
The white draconian hits you but does no damage.
You hit the yellow draconian.
The yellow draconian is heavily wounded.
You slash the white draconian! You block the white draconian's attack.
The purple draconian breathes dispelling energy at you.
The bolt of dispelling energy misses you.
You cut the white draconian into ribbons!!!
You kill the white draconian!
Trog accepts your kill.
You slash the yellow draconian! You barely miss the black draconian.
You barely miss the purple draconian.
The yellow draconian completely misses you.
You slash the yellow draconian!
The yellow draconian is severely wounded.
You slice the purple draconian!! You closely miss the black draconian.
You block the white draconian's attack.
The purple draconian hits you but does no damage.
The black draconian misses you.
You completely miss the yellow draconian.
The yellow draconian is severely wounded.
You slice the black draconian!! You barely miss the purple draconian.
You slash the purple draconian! The yellow draconian spits acid at you.
The glob of acid reflects off an invisible shield around you!
The glob of acid hits the yellow draconian!
The acid splashes onto the white draconian!
The white draconian is splashed with acid.
The acid corrodes the white draconian!
The acid splashes onto the black draconian!
The black draconian is splashed with acid.
The acid corrodes the black draconian!
The acid splashes onto the purple draconian!
The purple draconian is splashed with acid!
The acid corrodes the purple draconian!
The acid splashes onto you! The acid corrodes you!
You are splashed with acid!
You slash the yellow draconian!
The yellow draconian is almost dead.
You barely miss the black draconian. You hit the purple draconian.
You slice the purple draconian!!
The white draconian hits you but does no damage.
You block the purple draconian's attack.
The purple draconian misses you. You block the black draconian's attack.
You hit the yellow draconian.
You kill the yellow draconian!
Trog accepts your kill.
You slice the black draconian!! You slash the purple draconian!
You slice the purple draconian!! You slash the purple draconian!
The purple draconian is severely wounded.
You hit the green draconian monk. You slice the black draconian!!
You slash the purple draconian! You block the white draconian's attack.
You block the purple draconian's attack.
The purple draconian hits you but does no damage.
The black draconian barely misses you.
You slice the black draconian!! You bite the black draconian.
The black draconian is almost dead.
You slice the purple draconian!! You slash the purple draconian!
You barely miss the green draconian monk.
You block the green draconian monk's attack. x2
The green draconian monk tail-slaps you but does no damage.
You block the green draconian monk's attack.
You closely miss the black draconian.
The black draconian is almost dead.
You slash the green draconian monk! You barely miss the purple draconian.
You hit the purple draconian but do no damage.
The white draconian closely misses you.
The purple draconian breathes dispelling energy at you.
The bolt of dispelling energy misses you.
You slice the black draconian like a ripe choko!!!
You kill the black draconian!
Trog accepts your kill.
You slash the purple draconian!
You kill the purple draconian!
Trog accepts your kill.
You slash the purple draconian! You slash the green draconian monk!
You block the green draconian monk's attack.
The green draconian monk kicks you but does no damage.
You block the green draconian monk's attack.
The green draconian monk tail-slaps you but does no damage.
You feel your strength returning.
You hit the purple draconian.
You kill the purple draconian!
Trog accepts your kill.
You hit the green draconian monk.
The white draconian breathes frost at you.
The blast of cold misses you.
Your Armour skill increases to level 20!
Your Dodging skill increases to level 20!
You slice the green draconian monk!!
The green draconian monk is heavily wounded.
You block the green draconian monk's attack. x2
The green draconian monk tail-slaps you!
The green draconian monk closely misses you.
You barely miss the green draconian monk.
You bite the green draconian monk, but do no damage.
The green draconian monk is heavily wounded.
The white draconian completely misses you.
You slice the green draconian monk!!
The green draconian monk is severely wounded.
You block the green draconian monk's attack. x2
The green draconian monk tail-slaps you but does no damage.
The green draconian monk completely misses you.
You slice the green draconian monk!!
Your bite misses the green draconian monk.
The green draconian monk is almost dead.
The white draconian breathes frost at you.
The blast of cold hits you. You resist.
You slice the green draconian monk!!
You kill the green draconian monk!
Trog accepts your kill.
You have finished your manual of Shields and toss it away.
You block the white draconian's attack.
Things that are here:
a +0 halberd; a scroll of poison; a yellow draconian corpse You open the white draconian like a pillowcase!!!
The white draconian is heavily wounded.
You block the white draconian's attack.
You slice the white draconian!!
The white draconian is severely wounded.
You hit the white draconian.
You bite the white draconian, but do no damage.
The white draconian is severely wounded.
You block the white draconian's attack.
You slash the white draconian! You bite the white draconian!
The white draconian is almost dead.
You slash the white draconian!
You kill the white draconian!
Trog accepts your kill.
No target in view!
No target in view!
No target in view!
No target in view!
(D) Dungeon (T) Temple (L) Lair (A) Shoals (N) Spider Nest (M) Slime Pits (O) Orcish Mines (E) Elven Halls (V) Vaults (C) Crypt (W) Tomb (U) Depths (H) Hell (Z) Zot
Where to? (Enter - Depths:4, ? - help)
You see here a +0 broad axe.
You are no longer corroded.
HP restored.
You reach down and open the door.
There is an open door here.
There is an open door here.
There is a fountain of clear blue water here.
There is an open door here.
There is an open door here.
There is a gate leading back out of this place, spattered with blood here.
Things that are here:
a +0 cloak; a +3 great mace You fly up through the gate.
Welcome back to the Depths!
There is a gate to the Realm of Zot here.
(D) Dungeon (T) Temple (L) Lair (A) Shoals (N) Spider Nest (M) Slime Pits (O) Orcish Mines (E) Elven Halls (V) Vaults (C) Crypt (W) Tomb (U) Depths (H) Hell (Z) Zot
Where to? (Enter - Depths:4, ? - help)
There is an open door, spattered with blood here.
Things that are here:
a +0 chain mail; a +4 great sword of pain A demonspawn warmonger and a reaper come into view.
The demonspawn warmonger is wielding a +0 vorpal great sword and wearing a +0 chain mail of cold resistance.
The reaper is wielding a +5 scythe of venom.
(D) Dungeon (T) Temple (L) Lair (A) Shoals (N) Spider Nest (M) Slime Pits (O) Orcish Mines (E) Elven Halls (V) Vaults (C) Crypt (W) Tomb (U) Depths (H) Hell (Z) Zot
Where to? (Enter - Depths:3, ? - help)
There are monsters nearby!
The demonspawn warmonger calls down the wrath of its god upon you.
Your magic feels tainted.
You block the reaper's attack.
The demonspawn warmonger hits you but does no damage.
The demonspawn warmonger claws you but does no damage.
The demonspawn warmonger gores you. You block the reaper's attack.
A demonspawn blood saint comes into view.
It is wielding a +0 quarterstaff and wearing a +2 robe of resistance.
The demonspawn blood saint shouts!
You slash the demonspawn warmonger!
The demonspawn warmonger is lightly wounded.
You slash the reaper! You slash the demonspawn warmonger!
The demonspawn warmonger is moderately wounded.
You hit the reaper.
You block the demonspawn warmonger's attack. x2
The demonspawn warmonger completely misses you.
The reaper hits you but does no damage.
You slice the demonspawn warmonger!!
The demonspawn warmonger is heavily wounded.
You hit the reaper.
You closely miss the demonspawn warmonger.
The demonspawn warmonger is heavily wounded.
You slash the reaper! You slash the demonspawn warmonger!
The demonspawn warmonger is heavily wounded.
You closely miss the reaper. You block the reaper's attack.
You slice the demonspawn warmonger!!
The demonspawn warmonger is severely wounded.
You hit the demonspawn blood saint. You slice the reaper!!
You slash the reaper! You bite the reaper!
The reaper is almost dead.
You hit the demonspawn warmonger but do no damage.
You closely miss the demonspawn blood saint.
You block the demonspawn warmonger's attack. x3
The reaper hits you but does no damage.
You block the demonspawn blood saint's attack.
You slice the reaper!!
You kill the reaper!
Trog accepts your kill.
You hit the demonspawn blood saint but do no damage.
You slash the demonspawn warmonger!
You slice the demonspawn warmonger like a ripe choko!!!
You kill the demonspawn warmonger!
Trog accepts your kill.
You hit the demonspawn blood saint.
The demonspawn blood saint conjures a destructive force in the name of Makhleb!
The fireball explodes!
The fireball engulfs you! You resist.
The fireball engulfs the demonspawn blood saint.
The demonspawn blood saint completely resists.
The ghostly flame explodes!
The ghostly fireball engulfs you but does no damage.
The ghostly fireball engulfs the demonspawn blood saint!!
The demonspawn blood saint is drained!
You slice the demonspawn blood saint!!
You bite the demonspawn blood saint, but do no damage.
The demonspawn blood saint is severely wounded.
You slice the demonspawn blood saint!!
The demonspawn blood saint is almost dead.
You block the demonspawn blood saint's attack.
You slice the demonspawn blood saint!!
You kill the demonspawn blood saint!
Trog accepts your kill.
No target in view!
No target in view!
No target in view!
No target in view!
No target in view!
No target in view!
No target in view!
(D) Dungeon (T) Temple (L) Lair (A) Shoals (N) Spider Nest (M) Slime Pits (O) Orcish Mines (E) Elven Halls (V) Vaults (C) Crypt (W) Tomb (U) Depths (H) Hell (Z) Zot
Where to? (Enter - Depths:3, ? - help) HP restored.
A tormentor comes into view.
(D) Dungeon (T) Temple (L) Lair (A) Shoals (N) Spider Nest (M) Slime Pits (O) Orcish Mines (E) Elven Halls (V) Vaults (C) Crypt (W) Tomb (U) Depths (H) Hell (Z) Zot
Where to? (Enter - Depths:3, ? - help)
A tormentor is nearby!
There is a stone staircase leading up here.
You can't go down here!
You fly upwards.
Level annotation: Sojobo
There is a stone staircase leading down here.
(D) Dungeon (T) Temple (L) Lair (A) Shoals (N) Spider Nest (M) Slime Pits (O) Orcish Mines (E) Elven Halls (V) Vaults (C) Crypt (W) Tomb (U) Depths (H) Hell (Z) Zot
Where to? (Enter - Depths:3, ? - help)
Your magic seems less tainted.
(D) Dungeon (T) Temple (L) Lair (A) Shoals (N) Spider Nest (M) Slime Pits (O) Orcish Mines (E) Elven Halls (V) Vaults (C) Crypt (W) Tomb (U) Depths (H) Hell (Z) Zot
Where to? (Enter - Depths:2, ? - help)
Okay, then.
The tengu reaver points at you and mumbles some strange words.
The bolt of negative energy hits you!!!
You feel drained.
Aiming: Dig
Press: ? - help, Shift-Dir - straight line You can't see that place. [the floor.]
Okay, then.
Aiming: Dig
Press: ? - help, Shift-Dir - straight line A rock wall.
This square is covered in magical glow.
The rock shatters into small pieces.
The tengu reaver attacks as you move away!
You block the tengu reaver's attack. x3
Sojobo shouts!
Sojobo waves her feathered arms in wide circles.
The air twists around and strikes you.
The tengu reaver points at you and mumbles some strange words.
The bolt of acid hits you!!
Your body deteriorates!
You feel clumsy. The acid corrodes you!
The tengu reaver gestures at you while chanting.
The bolt of acid misses you.
There is a stone staircase leading up here.
You fly upwards.
Level annotation: 2 transporters
There is a stone staircase leading down here.
There is a stone staircase leading up here.
You fly upwards.
There is a stone staircase leading down here.
You are no longer corroded.
There is an entrance to Nesy's Antique Armour Emporium here.
There is an entrance to Soaseoza's Antique Weapon Shoppe here.
You hear a grinding noise.
An orange demon comes into view.
A sixfirhy comes into view.
A cacodemon comes into view.
The cacodemon shouts!
A sixfirhy comes into view.
You slash the cacodemon!
You bite the cacodemon, but do no damage.
The cacodemon is lightly wounded.
You cut the sixfirhy into ribbons!!! You hit the sixfirhy.
You bite the sixfirhy.
You kill the sixfirhy!
Trog accepts your kill.
You slash the cacodemon! You slash the cacodemon!
The cacodemon is moderately wounded.
You block the cacodemon's attack. The cacodemon misses you.
You open the cacodemon like a pillowcase!!!
The cacodemon is severely wounded.
The cacodemon gestures at you.
Strange energies course through your body.
You occasionally lose the ability to drink potions when taking damage.
You chop the cacodemon into pieces!!!
You kill the cacodemon!
Trog accepts your kill. You block the sixfirhy's attack.
The sixfirhy barely misses you. You block the sixfirhy's attack.
The sixfirhy closely misses you. You block the orange demon's attack.
The orange demon hits you but does no damage.
You open the orange demon like a pillowcase!!!
The orange demon is severely wounded.
You cut the sixfirhy into ribbons!!! The sixfirhy hits you.
The sixfirhy shocks you. You resist. You block the sixfirhy's attack.
You chop the sixfirhy into pieces!!!
You kill the sixfirhy!
Trog accepts your kill.
You slice the orange demon!!
You kill the orange demon!
Trog accepts your kill.
You feel your strength returning.
No target in view!
No target in view!
No target in view!
No target in view!
No target in view!
No target in view!
No target in view!
No target in view!
No target in view!
No target in view!
No target in view!
No target in view!
No target in view!
No target in view!
No target in view!
You hear a grinding noise.
An orange demon comes into view.
A sixfirhy comes into view.
You hear a grinding noise.
A toenail golem comes into view.
The sixfirhy attacks as you move away! You block the sixfirhy's attack.
You block the toenail golem's attack.
You closely miss the sixfirhy. Your bite misses the sixfirhy.
You hit the toenail golem. The sixfirhy barely misses you.
You block the sixfirhy's attack.
You slash the toenail golem!
You bite the toenail golem, but do no damage.
The toenail golem is moderately damaged.
You barely miss the sixfirhy. You block the sixfirhy's attack.
The sixfirhy hits you but does no damage.
You slice the toenail golem!! You bite the toenail golem.
The toenail golem is almost destroyed.
You barely miss the sixfirhy. You block the sixfirhy's attack.
You block the toenail golem's attack.
The sixfirhy hits you but does no damage.
You slash the toenail golem!
You destroy the toenail golem!
Trog accepts your kill.
You closely miss the sixfirhy. The sixfirhy hits you. The sixfirhy shocks you.
You resist. You block the sixfirhy's attack.
You slice the sixfirhy!! Your bite misses the sixfirhy.
The sixfirhy is severely wounded.
You slice the sixfirhy!!
You kill the sixfirhy!
Trog accepts your kill.
An Ice Fiend comes into view.
You block the orange demon's attack. The orange demon misses you.
You slice the orange demon!! You bite the orange demon!
The orange demon is heavily wounded.
You cut the orange demon into ribbons!!!
You kill the orange demon!
Trog accepts your kill.
You slice the Ice Fiend!!
The Ice Fiend is moderately wounded.
The Ice Fiend closely misses you.
The Ice Fiend claws you but does no damage.
You slash the Ice Fiend!
You bite the Ice Fiend, but do no damage.
The Ice Fiend is heavily wounded.
You slice the Ice Fiend!!
You bite the Ice Fiend, but do no damage.
The Ice Fiend is almost dead.
The Ice Fiend gestures at you.
The bolt of cold hits you but does no damage.
You slice the Ice Fiend!!
You kill the Ice Fiend!
Trog accepts your kill.
No target in view!
No target in view!
There is a staircase back to the Dungeon here.
Really quaff the potion of mutation?
You feel extremely strange.
You no longer feel a hidden potential within.
Your rate of healing slows.
You feel your body start to fall apart.
You lose the ability to drink potions when taking damage more often.
Really quaff the potion of mutation?
You feel extremely strange.
You lose the ability to drink potions when taking damage less often.
You feel a little healthier.
You feel strong-willed.
You no longer become unable to drink potions after taking damage.
Really quaff the potion of mutation?
You feel extremely strange.
You no longer feel strong-willed.
You feel healthier.
You feel clever.
You feel genetically stable.
Unknown command.
Your library has no spells.
You fly upwards.
Welcome back to the Dungeon!
There is a staircase to the Depths here.
There is an open door here.
You see here a +0 chain mail.
HP restored.
Items here: )) [[.
A tormentor comes into view.
You can't go up here!
Things that are here:
a +0 leather armour; a +0 glaive
Things that are here:
a +0 shortbow; a +0 shortbow The tormentor calls on the powers of darkness!
Your body is wracked with pain!
There is a stone staircase leading up here.
The tormentor calls on the powers of darkness!
Your body is wracked with pain!
* * * LOW HITPOINT WARNING * * *
You fly upwards.
There is a stone staircase leading down here.
A hell beast comes into view.
The hell beast's many legs skitter faintly.
The hell beast moves out of view.
There is an open door here.
(D) Dungeon (T) Temple (L) Lair (A) Shoals (N) Spider Nest (M) Slime Pits (O) Orcish Mines (E) Elven Halls (V) Vaults (C) Crypt (W) Tomb (U) Depths (H) Hell (Z) Zot
Where to? (Enter - D:14 @ (x,y), ? - help)
You feel much better.
You feel much better. You block the hell beast's attack. x2
You closely miss the hell beast.
The hell beast bites you but does no damage.
You block the hell beast's attack.
You slice the hell beast!!
The hell beast is heavily wounded.
You slice the hell beast!!
The hell beast is severely wounded.
You block the hell beast's attack. x2
You slash the hell beast! You bite the hell beast.
The hell beast is almost dead.
You block the hell beast's attack. The hell beast closely misses you.
You slice the hell beast!!
You kill the hell beast!
Trog accepts your kill.
You feel much better.
You feel much better.
You feel much better.
(D) Dungeon (T) Temple (L) Lair (A) Shoals (N) Spider Nest (M) Slime Pits (O) Orcish Mines (E) Elven Halls (V) Vaults (C) Crypt (W) Tomb (U) Depths (H) Hell (Z) Zot
Where to? (Enter - D:14 @ (x,y), ? - help)
There is a stone staircase leading up here.
You fly upwards.
There is a stone staircase leading down here.
(D) Dungeon (T) Temple (L) Lair (A) Shoals (N) Spider Nest (M) Slime Pits (O) Orcish Mines (E) Elven Halls (V) Vaults (C) Crypt (W) Tomb (U) Depths (H) Hell (Z) Zot
Where to? (Enter - D:13, ? - help)
There is an open door here.
There is a stone staircase leading up here.
You fly upwards.
There is a stone staircase leading down here.
(D) Dungeon (T) Temple (L) Lair (A) Shoals (N) Spider Nest (M) Slime Pits (O) Orcish Mines (E) Elven Halls (V) Vaults (C) Crypt (W) Tomb (U) Depths (H) Hell (Z) Zot
Where to? (Enter - D:12, ? - help)
There is a stone staircase leading up here.
You fly upwards.
There is a stone staircase leading down here.
(D) Dungeon (T) Temple (L) Lair (A) Shoals (N) Spider Nest (M) Slime Pits (O) Orcish Mines (E) Elven Halls (V) Vaults (C) Crypt (W) Tomb (U) Depths (H) Hell (Z) Zot
Where to? (Enter - D:11, ? - help)
There is an open door here.
There is a stone staircase leading up, spattered with blood here.
You fly upwards.
There is a stone staircase leading down here.
(D) Dungeon (T) Temple (L) Lair (A) Shoals (N) Spider Nest (M) Slime Pits (O) Orcish Mines (E) Elven Halls (V) Vaults (C) Crypt (W) Tomb (U) Depths (H) Hell (Z) Zot
Where to? (Enter - D:10, ? - help)
A tormentor comes into view.
(D) Dungeon (T) Temple (L) Lair (A) Shoals (N) Spider Nest (M) Slime Pits (O) Orcish Mines (E) Elven Halls (V) Vaults (C) Crypt (W) Tomb (U) Depths (H) Hell (Z) Zot
Where to? (Enter - D:9, ? - help)
A tormentor is nearby!
You slash the tormentor! You bite the tormentor.
The tormentor is heavily wounded.
You slash the tormentor!
The tormentor is almost dead.
You block the tormentor's attack. x2
You barely miss the tormentor.
The tormentor is almost dead.
You carve the tormentor like a ham!!!
You kill the tormentor!
Trog accepts your kill.
No target in view!
No target in view!
(D) Dungeon (T) Temple (L) Lair (A) Shoals (N) Spider Nest (M) Slime Pits (O) Orcish Mines (E) Elven Halls (V) Vaults (C) Crypt (W) Tomb (U) Depths (H) Hell (Z) Zot
Where to? (Enter - D:9, ? - help)
There is a stone staircase leading up here.
You fly upwards.
Level annotation: 1 runed translucent door, freelancePsychic's ghost, novice SpHu
There is a stone staircase leading down here.
(D) Dungeon (T) Temple (L) Lair (A) Shoals (N) Spider Nest (M) Slime Pits (O) Orcish Mines (E) Elven Halls (V) Vaults (C) Crypt (W) Tomb (U) Depths (H) Hell (Z) Zot
Where to? (Enter - D:9, ? - help)
A shadow demon comes into view.
(D) Dungeon (T) Temple (L) Lair (A) Shoals (N) Spider Nest (M) Slime Pits (O) Orcish Mines (E) Elven Halls (V) Vaults (C) Crypt (W) Tomb (U) Depths (H) Hell (Z) Zot
Where to? (Enter - D:8, ? - help)
A shadow demon is nearby!
No target in view!
No target in view!
No target in view!
The shadow demon closely misses you.
You carve the shadow demon like a ham!!!
You bite the shadow demon.
The shadow demon is almost dead.
You barely miss the shadow demon.
The shadow demon is almost dead.
You block the shadow demon's attack.
You open the shadow demon like a pillowcase!!!
You kill the shadow demon!
Trog accepts your kill.
No target in view!
No target in view!
(D) Dungeon (T) Temple (L) Lair (A) Shoals (N) Spider Nest (M) Slime Pits (O) Orcish Mines (E) Elven Halls (V) Vaults (C) Crypt (W) Tomb (U) Depths (H) Hell (Z) Zot
Where to? (Enter - D:8, ? - help) HP restored.
FreelancePsychic's ghost turns its malevolent gaze towards you.
There is a stone staircase leading up here.
You fly upwards.
There is a stone staircase leading down, spattered with blood here.
(D) Dungeon (T) Temple (L) Lair (A) Shoals (N) Spider Nest (M) Slime Pits (O) Orcish Mines (E) Elven Halls (V) Vaults (C) Crypt (W) Tomb (U) Depths (H) Hell (Z) Zot
Where to? (Enter - D:8, ? - help)
A green death comes into view.
(D) Dungeon (T) Temple (L) Lair (A) Shoals (N) Spider Nest (M) Slime Pits (O) Orcish Mines (E) Elven Halls (V) Vaults (C) Crypt (W) Tomb (U) Depths (H) Hell (Z) Zot
Where to? (Enter - D:7, ? - help)
A green death is nearby!
The green death gestures at you. The poison arrow hits you!
You are poisoned.
You partially resist.
You slice the green death!!
The green death is moderately wounded.
You feel sick.
You chop the green death into pieces!!!
You kill the green death!
Trog accepts your kill.
You feel sick.
No target in view!
No target in view!
(D) Dungeon (T) Temple (L) Lair (A) Shoals (N) Spider Nest (M) Slime Pits (O) Orcish Mines (E) Elven Halls (V) Vaults (C) Crypt (W) Tomb (U) Depths (H) Hell (Z) Zot
Where to? (Enter - D:7, ? - help)
You feel sick.
You feel sick.
You feel sick.
You feel sick.
There is an open door here.
You feel sick.
You feel sick.
You feel sick.
You are no longer poisoned.
There is an open door here.
An Orb Guardian comes into view.
(D) Dungeon (T) Temple (L) Lair (A) Shoals (N) Spider Nest (M) Slime Pits (O) Orcish Mines (E) Elven Halls (V) Vaults (C) Crypt (W) Tomb (U) Depths (H) Hell (Z) Zot
Where to? (Enter - D:7, ? - help)
An Orb Guardian is nearby!
You block the Orb Guardian's attack.
A Tzitzimitl comes into view.
You hit the Orb Guardian.
The Orb Guardian is lightly wounded.
You closely miss the Orb Guardian.
The Orb Guardian is lightly wounded.
You block the Orb Guardian's attack. The Tzitzimitl gestures at you.
The bolt of negative energy hits you!!!
You feel drained.
You carve the Orb Guardian like a ham!!!
The Orb Guardian is heavily wounded.
You block the Orb Guardian's attack.
You cut the Orb Guardian into ribbons!!!
You kill the Orb Guardian!
Trog accepts your kill. The Tzitzimitl gestures at you.
The bolt of negative energy hits you but does no damage.
You block the Tzitzimitl's attack. x2
You slash the Tzitzimitl! You bite the Tzitzimitl!
The Tzitzimitl is moderately wounded.
You block the Tzitzimitl's attack. x2
You closely miss the Tzitzimitl.
The Tzitzimitl is moderately wounded.
You slash the Tzitzimitl!
The Tzitzimitl is moderately wounded.
You block the Tzitzimitl's attack. x2
You closely miss the Tzitzimitl.
The Tzitzimitl is moderately wounded.
You slice the Tzitzimitl like a ripe choko!!!
You bite the Tzitzimitl, but do no damage.
The Tzitzimitl is severely wounded.
The Tzitzimitl engulfs you but does no damage.
The Tzitzimitl completely misses you.
You slash the Tzitzimitl! You bite the Tzitzimitl.
The Tzitzimitl is severely wounded.
You slice the Tzitzimitl!!
You kill the Tzitzimitl!
Trog accepts your kill.
You feel your dexterity returning.
No target in view!
No target in view!
(D) Dungeon (T) Temple (L) Lair (A) Shoals (N) Spider Nest (M) Slime Pits (O) Orcish Mines (E) Elven Halls (V) Vaults (C) Crypt (W) Tomb (U) Depths (H) Hell (Z) Zot
Where to? (Enter - D:7, ? - help)
There is a stone staircase leading up here.
You fly upwards.
There is a stone staircase leading down here.
(D) Dungeon (T) Temple (L) Lair (A) Shoals (N) Spider Nest (M) Slime Pits (O) Orcish Mines (E) Elven Halls (V) Vaults (C) Crypt (W) Tomb (U) Depths (H) Hell (Z) Zot
Where to? (Enter - D:7, ? - help)
There is a stone staircase leading up here.
You fly upwards.
There is a stone staircase leading down here.
(D) Dungeon (T) Temple (L) Lair (A) Shoals (N) Spider Nest (M) Slime Pits (O) Orcish Mines (E) Elven Halls (V) Vaults (C) Crypt (W) Tomb (U) Depths (H) Hell (Z) Zot
Where to? (Enter - D:6, ? - help)
A reaper and a demonspawn warmonger come into view.
The reaper is wielding a +3 vorpal scythe.
The demonspawn warmonger is wielding a +3 glaive of flaming and wearing a +2 chain mail of poison resistance.
(D) Dungeon (T) Temple (L) Lair (A) Shoals (N) Spider Nest (M) Slime Pits (O) Orcish Mines (E) Elven Halls (V) Vaults (C) Crypt (W) Tomb (U) Depths (H) Hell (Z) Zot
Where to? (Enter - D:5, ? - help)
There are monsters nearby!
The demonspawn warmonger shouts!
There is a stone staircase leading up here.
You fly upwards.
Level annotation: 1 runed translucent door, 0gre's ghost, amateur GnIE
There is a stone staircase leading down here.
(D) Dungeon (T) Temple (L) Lair (A) Shoals (N) Spider Nest (M) Slime Pits (O) Orcish Mines (E) Elven Halls (V) Vaults (C) Crypt (W) Tomb (U) Depths (H) Hell (Z) Zot
Where to? (Enter - D:5, ? - help)
There is a stone staircase leading up here.
You fly upwards.
There is a stone staircase leading down here.
(D) Dungeon (T) Temple (L) Lair (A) Shoals (N) Spider Nest (M) Slime Pits (O) Orcish Mines (E) Elven Halls (V) Vaults (C) Crypt (W) Tomb (U) Depths (H) Hell (Z) Zot
Where to? (Enter - D:4, ? - help)
There is an escape hatch in the floor here.
There is a stone staircase leading up here.
You fly upwards.
There is a stone staircase leading down here.
(D) Dungeon (T) Temple (L) Lair (A) Shoals (N) Spider Nest (M) Slime Pits (O) Orcish Mines (E) Elven Halls (V) Vaults (C) Crypt (W) Tomb (U) Depths (H) Hell (Z) Zot
Where to? (Enter - D:3, ? - help)
A demonic crawler comes into view.
(D) Dungeon (T) Temple (L) Lair (A) Shoals (N) Spider Nest (M) Slime Pits (O) Orcish Mines (E) Elven Halls (V) Vaults (C) Crypt (W) Tomb (U) Depths (H) Hell (Z) Zot
Where to? (Enter - D:2, ? - help)
A demonic crawler is nearby!
The demonic crawler shrieks in warning!
There is a stone staircase leading up here.
You fly upwards.
There is a stone staircase leading down here.
(D) Dungeon (T) Temple (L) Lair (A) Shoals (N) Spider Nest (M) Slime Pits (O) Orcish Mines (E) Elven Halls (V) Vaults (C) Crypt (W) Tomb (U) Depths (H) Hell (Z) Zot
Where to? (Enter - D:2, ? - help) HP restored.
There is a stone staircase leading up here.
You fly upwards.
There is a stone staircase leading down here.
(D) Dungeon (T) Temple (L) Lair (A) Shoals (N) Spider Nest (M) Slime Pits (O) Orcish Mines (E) Elven Halls (V) Vaults (C) Crypt (W) Tomb (U) Depths (H) Hell (Z) Zot
Where to? (Enter - D:1, ? - help)
Okay, then.
Unknown command.
A demonspawn warmonger, a reaper and a demonspawn black sun come into view.
The demonspawn warmonger is wielding a +0 demon trident of freezing, wearing a +0 plate armour of poison resistance and wearing a +2 tower shield of protection.
The reaper is wielding a +1 vampiric scythe.
You feel very mighty all of a sudden.
The demonspawn black sun shouts!
A tormentor comes into view.
You feel yourself speed up.
The tormentor roars!
The tormentor calls on the powers of darkness!
Your body is wracked with pain!
You feel protected.
The tormentor calls on the powers of darkness!
Your body is wracked with pain!
* * * LOW HITPOINT WARNING * * *
Okay, then.
The demonspawn warmonger calls upon its god to speed up the demonspawn black sun.
The demonspawn black sun seems to speed up.
The demonspawn black sun prays to Kikubaaqudgha.
The demonspawn warmonger begins absorbing vital energies!
The reaper begins absorbing vital energies!
The demonspawn black sun begins absorbing vital energies!
An Orb Guardian comes into view.
You chop the Orb Guardian into pieces!!!
The Orb Guardian is severely wounded.
You block the Orb Guardian's attack.
You slash the Orb Guardian!
The Orb Guardian is almost dead.
You slice the Orb Guardian!!
You kill the Orb Guardian!
Trog accepts your kill.
Your Fighting skill increases to level 24!
You feel much better.
You feel much better.
You feel much better.
A sun demon comes into view.
You feel much better.
You feel much better. You block the sun demon's attack.
Aiming: Dig
Press: ? - help, Shift-Dir - straight line A rock wall.
This square is covered in magical glow.
The rock shatters into small pieces.
You start to feel less resistant.
Your extra speed is starting to run out.
Aiming: Dig
Press: ? - help, Shift-Dir - straight line A rock wall.
This square is covered in magical glow.
The rock shatters into small pieces.
You feel yourself slow down.
Your resistance to elements expires.
You feel a little less mighty now.
The demonspawn black sun invokes the aid of Kikubaaqudgha against you.
The bolt of negative energy misses you.
A blizzard demon comes into view.
The demonspawn black sun is no longer moving quickly.
The demonspawn black sun prays to Kikubaaqudgha.
The sun demon begins absorbing vital energies!
The demonspawn black sun begins absorbing vital energies!
You feel yourself speed up.
The blizzard demon waves its arms in wide circles.
The air twists around and strikes you.
Aiming: Dig
Press: ? - help, Shift-Dir - straight line This square is covered in magical glow.
The rock shatters into small pieces.
The demonspawn black sun calls down the wrath of Kikubaaqudgha upon you.
The bolt of negative energy misses you. You block the tormentor's attack. x2
You slash the tormentor! You bite the tormentor.
The tormentor is heavily wounded.
You block the tormentor's attack. x2
You slice the tormentor!! Your bite misses the tormentor.
The tormentor is almost dead.
You slash the tormentor!
You kill the tormentor!
Trog accepts your kill.
You see here a +0 dagger.
An iron imp comes into view.
An iron imp is nearby!
An iron imp is nearby!
An iron imp is nearby!
Wotiet comes into view.
Wotiet gestures at you. The bolt of lightning hits you! You resist.
Your extra speed is starting to run out.
Wotiet gestures.
Wotiet blinks!
You block the iron imp's attack.
There is a staircase leading out of the dungeon here.
You have escaped!

.###.###.#..#8.....8# #...#......
..##.###.#..##.....####..........
..##.##2.)..##.....#.............
......#....###.....####.....##.##
.....2.3...#.........##..6..##...
.###..#..###.........##........##
.........##...........#..........
####..#.###.......)...###........
####....8.......@&......8..#.####
........###.....5.....###........
####..### #..ยง........#
###....## ####.##
##.........######....## ##.....##
#..8...8..#>.........# ##....#.##
###.....######3#.#.###
##....##.## ####.###...6........#
#####.###.###.##.# #..###...#####
...##.###.63#.##8###..# ##.## #


You could see Wotiet and an iron imp.

Vanquished Creatures
  the Royal Jelly (Slime:5)
  A dread lich (Vaults:5)
  3 orbs of fire (Zot:5)
  2 ancient liches
  A royal mummy (Crypt:2)
  Boris (twice) (Vaults:1 Crypt:2)
  Margery (Vaults:2)
  Parghit (Depths:3)
  Bai Suzhen (Spider:3)
  5 Killer Klowns
  Xtahua (Depths:3)
  7 golden dragons
  Jory (Vaults:2)
  Nikola (Shoals:3)
  A bone dragon (Crypt:3)
  4 Tzitzimimeh
  A doom hound (Crypt:3)
  3 electric golems
  22 tentacled monstrosities
  Rupert (Orc:2)
  A walking divine tome (Depths:3)
  4 liches
  2 deep elf blademasters
  3 deep elf master archers (Elf:3)
  4 titans
  An Ice Fiend (Depths:1)
  A quicksilver dragon (shapeshifter) (Vaults:5)
  Asterion (Spider:2)
  12 quicksilver dragons
  23 Orb Guardians
  A kraken (Shoals:3)
  An ancient champion (Crypt:2)
  9 acid blobs
  7 tengu reavers
  Agnes (Spider:2)
  Polyphemus (Shoals:4)
  8 death cobs
  8 sphinxes
  16 shadow dragons
  15 storm dragons
  14 draconian monks
  3 revenants
  7 azure jellies
  7 rockslimes
  A demonspawn warmonger (Depths:4)
  2 draconian knights
  Donald (Elf:3)
  9 fire giants
  An imperial myrmidon (Desolation)
  A juggernaut zombie (Crypt:3)
  8 emperor scorpions
  Aizul (Vaults:2)
  A spectral juggernaut (Crypt:2)
  9 frost giants
  An orc warlord (Orc:1)
  4 deep elf sorcerers
  2 curse skulls (Crypt:1)
  3 iron dragons
  6 draconian scorchers
  9 ghost moths
  3 cacodemons
  6 ghouls
  4 deep elf elementalists (Elf:3)
  4 spectral caustic shrikes
  A demonspawn blood saint (Depths:4)
  10 vault wardens
  22 ironbound preservers
  5 draconian annihilators
  6 draconian shifters
  9 quicksilver oozes
  5 ironbound thunderhulks
  7 reapers
  5 broodmothers
  2 war gargoyles (Vaults:4)
  A caustic shrike zombie (Crypt:3)
  28 very ugly things
  9 stone giants
  A deep elf demonologist (Vaults:5)
  7 vampire knights
  11 black draconians
  13 white draconians
  11 green draconians
  A halazid warlock (Desolation)
  3 entropy weavers
  23 purple draconians
  7 red draconians
  2 minotaurs (Shoals:4)
  11 deep elf annihilators
  A putrid mouth (Crypt:3)
  7 spark wasps
  5 dire elephants
  Snorg (D:11)
  9 yellow draconians
  3 merfolk javelineers
  6 deep elf death magi
  10 eidola (Crypt:3)
  A green death (D:8)
  6 merfolk impalers
  11 ettins
  Josephine (D:15)
  5 fire dragons
  6 ragged hierophants (Desolation)
  A crystal guardian (Desolation)
  12 jiangshi
  15 yaktaur captains
  4 mummy priests
  A spectral spriggan (Crypt:2)
  4 deep elf high priests
  2 great orbs of eyes
  11 boulder beetles
  An ice dragon (Depths:3)
  11 servants of whispers (Desolation)
  6 hydras
  2 spriggan zombies
  A fenstrider witch zombie (Crypt:3)
  Erolcha (Orc:1)
  4 catoblepae
  A hell beast (D:14)
  34 vault guards
  A hydra (shapeshifter) (Vaults:5)
  2 ogre magi (Vaults:5)
  5 spriggan air magi
  A spriggan skeleton (Crypt:2)
  11 centaur warriors
  7 peacekeepers
  11 ironbound frosthearts
  2 rakshasas
  2 demonspawn
  3 radroaches
  6 merfolk avatars
  3 merfolk aquamancers
  8 satyrs (Shoals:4)
  8 two-headed ogres
  28 dancing weapons
  An alligator snapping turtle (Shoals:4)
  7 deep troll earth magi
  4 tengu warriors
  8 orc high priests (Orc:2)
  11 vampire magi
  9 death yaks
  A deep troll shaman (Depths:2)
  2 spriggan berserkers
  Urug (Lair:3)
  3 soul eaters (Crypt:3)
  2 thrashing horrors (Lair:5)
  17 deep elf knights
  Nergalle (Lair:2)
  2 titan zombies (Crypt:3)
  Sonja (Lair:1)
  12 hell knights
  6 iron trolls
  A shadow wraith (Crypt:2)
  A sun demon (Depths:3)
  6 pharaoh ants
  Amaemon (Lair:1)
  A sun moth (Spider:4)
  5 sixfirhies
  20 skeletal warriors
  A spectral anaconda (Crypt:2)
  3 large abominations (Lair:5)
  13 orb spiders
  6 sea snakes
  An iron giant zombie (Crypt:3)
  An anaconda zombie (Crypt:3)
  3 flayed ghosts
  6 steelbarb worms
  2 bunyip zombies
  54 deep trolls
  An obsidian statue (Crypt:2)
  2 glowing orange brains
  3 bog bodies (Crypt:1)
  A shadow demon (D:9)
  18 necromancers
  A bunyip skeleton (Crypt:3)
  A spectral iron dragon (Crypt:2)
  10 phantasmal warriors
  11 lindwurms
  32 ironbound convokers
  8 deep elf archers
  21 harpies
  7 orc knights
  28 deep elf zephyrmancers
  5 wizards
  34 deep elf pyromancers
  Pikel (D:9)
  5 shining eyes
  4 orc sorcerers
  A spectral ettin (Crypt:2)
  24 wolf spiders
  23 manticores
  53 ugly things
  A cyclops (shapeshifter) (D:15)
  15 fauns
  2 stone giant zombies
  3 merfolk sirens
  5 cyclopes
  An iron dragon skeleton (Crypt:3)
  29 moths of wrath
  3 spectral centaurs (Crypt:2)
  A stone giant skeleton (Crypt:3)
  A toenail golem (Depths:1)
  4 black mambas
  A naga zombie (Crypt:1)
  5 water nymphs
  3 rust devils
  An elephant (Lair:1)
  2 smoke demons
  A centaur zombie (Crypt:2)
  16 vault sentinels
  A dire elephant zombie (Crypt:3)
  4 guardian serpents (Desolation)
  An alligator snapping turtle zombie (Crypt:3)
  A water nymph (shapeshifter) (Vaults:5)
  4 torpor snails
  5 orange demons
  Psyche (D:12)
  An eye of devastation (Slime:4)
  2 molten gargoyles (Desolation)
  3 naga skeletons (Crypt:3)
  3 unseen horrors
  2 centaur skeletons (Crypt:3)
  A gargoyle (D:13)
  2 purple draconian zombies (Crypt:2)
  6 cane toads
  7 demonic crawlers
  23 yaktaurs
  3 efreet
  An orc skeleton (Crypt:3)
  2 rime drakes
  3 komodo dragons
  3 kobold demonologists
  5 tormentors
  6 freezing wraiths
  9 guardian mummies (Crypt:2)
  2 spectral nagas (Crypt:2)
  14 hellwings
  2 ancient zymes (Lair:5)
  2 tengu conjurers
  6 meliai
  4 spectral harpies (Crypt:2)
  3 harpy zombies
  7 trolls
  2 ice devils
  A hydra zombie (Crypt:3)
  22 merfolk
  A queen bee (D:15)
  5 wind drakes
  A harpy skeleton (Crypt:3)
  27 tarantellas
  A hornet (D:8)
  58 saltlings (Desolation)
  98 slime creatures
  A moth of wrath zombie (Crypt:1)
  30 blink frogs
  6 snapping turtles
  2 jumping spiders (shapeshifter)
  18 jumping spiders
  3 air elementals
  A spriggan (shapeshifter) (Vaults:5)
  6 ynoxinuls
  A black mamba zombie (Crypt:3)
  11 culicivoras
  2 shadows
  3 ushabtiu (Crypt:3)
  2 vampires
  14 wraiths
  A fire dragon skeleton (Crypt:1)
  A culicivora (shapeshifter) (Elf:2)
  4 wyverns
  A basilisk (shapeshifter) (Vaults:5)
  19 water elementals
  48 yaks
  4 fire elementals
  8 basilisks
  A yak (shapeshifter) (Vaults:5)
  A chaos spawn (Lair:5)
  39 redbacks
  6 golden eyes
  10 vampire mosquitoes
  Edmund (D:5)
  A warg (Orc:2)
  A swamp worm (shapeshifter) (D:9)
  2 fire bat zombies
  3 acid dragons
  9 water moccasins
  A floating eye (shapeshifter) (Vaults:5)
  A floating eye (Depths:4)
  2 ice beasts
  A demonspawn skeleton (Crypt:1)
  33 orc warriors
  4 ogres
  A swamp dragon skeleton (Crypt:3)
  10 centaurs
  10 small abominations
  12 kobold brigands
  3 phantoms
  An elf zombie (Crypt:2)
  9 bullfrogs
  7 necrophages
  A salamander skeleton (Crypt:2)
  2 gnoll sergeants
  3 earth elementals
  A scorpion (D:7)
  12 wights
  5 wyvern skeletons (Crypt:3)
  20 killer bees (D:15)
  A polar bear zombie (Crypt:2)
  A raiju skeleton (Crypt:1)
  A shapeshifter skeleton (Crypt:1)
  4 howler monkeys
  4 electric eels
  A bullfrog zombie (Crypt:2)
  23 jellies
  5 gnoll boudas
  22 orc priests
  7 hounds
  Terence (D:2)
  2 iguanas
  13 orc wizards
  6 hell rats
  A tengu skeleton (Crypt:2)
  27 gnolls
  5 adders
  A swamp drake skeleton (Crypt:1)
  3 shadow imps
  2 jelly zombies (Crypt:1)
  3 worms
  82 orcs
  21 endoplasms
  6 giant cockroaches
  3 goblins
  7 hobgoblins
  A jackal (D:10)
  9 quokkas
  7 ball pythons
  5 bats
  6 frilled lizards
  36 kobolds
  5 rats
  3 tentacles (Shoals:3)
2446 creatures vanquished.

Vanquished Creatures (collateral kills)
  Mara (Spider:3)
  Arachne (Spider:2)
  A spark wasp (Spider:2)
  A pharaoh ant (Spider:3)
  A tarantella (Spider:3)
  A redback (Spider:3)
  An orc warrior (Orc:2)
7 creatures vanquished.

Vanquished Creatures (others)
  A deep elf demonologist (Elf:3)
  2 deep elf zephyrmancers
  A manticore (shapeshifter) (Depths:4)
  25 fungi
  39 plants
  11 tentacles (Shoals:3)
  15 toadstools (Lair:1)
  26 withered plants
120 creatures vanquished.

Grand Total: 2573 creatures vanquished

Notes
Turn   | Place    | Note
-------+----------+-------------------------------------------
     0 | D:1      | sleeves the Gnoll Berserker began the quest for the Orb.
     0 | D:1      | Reached XP level 1. HP: 23/23 MP: 1/1
   587 | D:1      | Reached XP level 2. HP: 29/29 MP: 2/2
  1179 | D:2      | Reached XP level 3. HP: 35/35 MP: 3/3
  1231 | D:2      | Found a faded altar of an unknown god.
  1583 | D:2      | Noticed Terence
  1599 | D:2      | Killed Terence
  1600 | D:2      | Reached skill level 1 in Short Blades
  1600 | D:2      | Reached skill level 1 in Long Blades
  1600 | D:2      | Reached skill level 1 in Maces & Flails
  1600 | D:2      | Reached skill level 1 in Polearms
  1600 | D:2      | Reached skill level 1 in Staves
  1600 | D:2      | Reached skill level 1 in Ranged Weapons
  1600 | D:2      | Reached skill level 1 in Throwing
  1600 | D:2      | Reached skill level 1 in Stealth
  1600 | D:2      | Reached skill level 1 in Shields
  1600 | D:2      | Reached skill level 1 in Unarmed Combat
  1600 | D:2      | Reached skill level 1 in Spellcasting
  1600 | D:2      | Reached skill level 1 in Invocations
  1600 | D:2      | Reached skill level 1 in Evocations
  1600 | D:2      | Reached XP level 4. HP: 40/41 MP: 5/5
  1919 | D:2      | Identified the +2 cloak of Hedging {Str+3}
  2219 | D:3      | You fall into a shaft and drop 1 floor!
  2292 | D:4      | Reached skill level 1 in Conjurations
  2292 | D:4      | Reached skill level 1 in Hexes
  2292 | D:4      | Reached skill level 1 in Summonings
  2292 | D:4      | Reached skill level 1 in Necromancy
  2292 | D:4      | Reached skill level 1 in Translocations
  2292 | D:4      | Reached skill level 1 in Transmutations
  2292 | D:4      | Reached skill level 1 in Fire Magic
  2292 | D:4      | Reached skill level 1 in Ice Magic
  2292 | D:4      | Reached skill level 1 in Air Magic
  2292 | D:4      | Reached skill level 1 in Earth Magic
  2292 | D:4      | Reached skill level 1 in Poison Magic
  2475 | D:4      | Found a glowing drain.
  2485 | D:4      | Reached ** piety under Trog
  2493 | Sewer    | Entered a sewer
  2512 | Sewer    | Noticed a kobold brigand
  2520 | Sewer    | HP: 16/41 [kobold brigand/+0 short sword (8)]
  2522 | Sewer    | Killed a kobold brigand
  2523 | Sewer    | Reached XP level 5. HP: 26/47 MP: 7/7
  2769 | Sewer    | Noticed a kobold brigand
  2780 | Sewer    | Killed a kobold brigand
  2781 | Sewer    | Reached skill level 2 in Invocations
  2781 | Sewer    | Reached XP level 6. HP: 47/53 MP: 8/8
  3003 | Sewer    | Reached skill level 5 in Armour
  3003 | Sewer    | Reached skill level 5 in Dodging
  3049 | Sewer    | Reached skill level 2 in Short Blades
  3049 | Sewer    | Reached skill level 2 in Long Blades
  3049 | Sewer    | Reached skill level 2 in Maces & Flails
  3049 | Sewer    | Reached skill level 2 in Polearms
  3049 | Sewer    | Reached skill level 2 in Staves
  3049 | Sewer    | Reached skill level 2 in Ranged Weapons
  3049 | Sewer    | Reached skill level 2 in Throwing
  3049 | Sewer    | Reached skill level 2 in Stealth
  3049 | Sewer    | Reached skill level 2 in Shields
  3049 | Sewer    | Reached skill level 2 in Unarmed Combat
  3049 | Sewer    | Reached skill level 2 in Spellcasting
  3049 | Sewer    | Reached skill level 2 in Evocations
  3832 | D:4      | Found a staircase to the Ecumenical Temple.
  3992 | D:5      | Entered Level 5 of the Dungeon
  4071 | D:5      | Reached skill level 7 in Fighting
  4071 | D:5      | Reached skill level 7 in Axes
  4071 | D:5      | Reached XP level 7. HP: 55/60 MP: 10/10
  4111 | D:5      | Reached skill level 2 in Conjurations
  4111 | D:5      | Reached skill level 2 in Hexes
  4111 | D:5      | Reached skill level 2 in Summonings
  4111 | D:5      | Reached skill level 2 in Necromancy
  4111 | D:5      | Reached skill level 2 in Translocations
  4111 | D:5      | Reached skill level 2 in Transmutations
  4111 | D:5      | Reached skill level 2 in Fire Magic
  4111 | D:5      | Reached skill level 2 in Ice Magic
  4111 | D:5      | Reached skill level 2 in Air Magic
  4111 | D:5      | Reached skill level 2 in Earth Magic
  4111 | D:5      | Reached skill level 2 in Poison Magic
  4170 | D:5      | Noticed Edmund
  4188 | D:5      | Killed Edmund
  4189 | D:5      | Reached skill level 3 in Invocations
  4329 | D:5      | Found a runed translucent door.
  4330 | D:5      | Noticed 0gre's ghost (amateur GnIE)
  5085 | D:6      | Reached skill level 3 in Short Blades
  5085 | D:6      | Reached skill level 3 in Long Blades
  5085 | D:6      | Reached skill level 3 in Maces & Flails
  5085 | D:6      | Reached skill level 3 in Polearms
  5085 | D:6      | Reached skill level 3 in Staves
  5085 | D:6      | Reached skill level 3 in Ranged Weapons
  5085 | D:6      | Reached skill level 3 in Throwing
  5085 | D:6      | Reached skill level 3 in Stealth
  5085 | D:6      | Reached skill level 3 in Shields
  5085 | D:6      | Reached skill level 3 in Unarmed Combat
  5085 | D:6      | Reached skill level 3 in Spellcasting
  5085 | D:6      | Reached skill level 3 in Evocations
  5085 | D:6      | Reached XP level 8. HP: 56/67 MP: 12/12
  5632 | D:6      | Reached *** piety under Trog
  6114 | D:7      | Reached skill level 3 in Conjurations
  6114 | D:7      | Reached skill level 3 in Hexes
  6114 | D:7      | Reached skill level 3 in Summonings
  6114 | D:7      | Reached skill level 3 in Necromancy
  6114 | D:7      | Reached skill level 3 in Translocations
  6114 | D:7      | Reached skill level 3 in Transmutations
  6114 | D:7      | Reached skill level 3 in Fire Magic
  6114 | D:7      | Reached skill level 3 in Ice Magic
  6114 | D:7      | Reached skill level 3 in Air Magic
  6114 | D:7      | Reached skill level 3 in Earth Magic
  6114 | D:7      | Reached skill level 3 in Poison Magic
  6114 | D:7      | Reached skill level 4 in Invocations
  6127 | D:7      | HP: 30/65 [wight/+4 morningstar (10)]
  6130 | D:7      | Reached skill level 6 in Armour
  6130 | D:7      | Reached skill level 6 in Dodging
  6365 | D:7      | Reached XP level 9. HP: 49/73 MP: 14/14
  6584 | D:7      | Reached skill level 4 in Short Blades
  6584 | D:7      | Reached skill level 4 in Long Blades
  6584 | D:7      | Reached skill level 4 in Maces & Flails
  6584 | D:7      | Reached skill level 4 in Polearms
  6584 | D:7      | Reached skill level 4 in Staves
  6584 | D:7      | Reached skill level 4 in Ranged Weapons
  6584 | D:7      | Reached skill level 4 in Throwing
  6584 | D:7      | Reached skill level 4 in Stealth
  6584 | D:7      | Reached skill level 4 in Shields
  6584 | D:7      | Reached skill level 4 in Unarmed Combat
  6584 | D:7      | Reached skill level 4 in Spellcasting
  6584 | D:7      | Reached skill level 4 in Evocations
  6734 | D:7      | HP: 33/70 [wight/+2 scimitar (6)]
  6741 | D:7      | HP: 46/105 [wight/+2 scimitar (1)]
  6746 | D:7      | HP: 21/72 [wight/+0 spear (6)]
  7355 | D:8      | Reached skill level 8 in Fighting
  7355 | D:8      | Reached skill level 8 in Axes
  7431 | D:8      | Noticed a hornet
  7501 | D:8      | HP: 37/74 [gnoll/+0 spear[a gnoll bouda] (1)]
  7702 | D:8      | Noticed a two-headed ogre
  7713 | D:8      | HP: 17/74 [two-headed ogre/+0 giant spiked club (22)]
  7980 | D:8      | Found a staircase to the Lair.
  7990 | D:8      | Reached skill level 5 in Invocations
  8023 | D:8      | Found a flagged portal.
  8034 | Bailey   | Entered a bailey
  8277 | Bailey   | Found a large runed translucent door.
  8277 | Bailey   | Found a large runed translucent door.
  8278 | Bailey   | Noticed a deep elf zephyrmancer
  8279 | Bailey   | Noticed an orc knight
  8304 | Bailey   | HP: 32/74 [orc warrior/+0 glaive (22)]
  8314 | Bailey   | HP: 23/74 [orc warrior/+0 glaive (11)]
  8317 | Bailey   | Reached skill level 4 in Conjurations
  8317 | Bailey   | Reached skill level 4 in Hexes
  8317 | Bailey   | Reached skill level 4 in Summonings
  8317 | Bailey   | Reached skill level 4 in Necromancy
  8317 | Bailey   | Reached skill level 4 in Translocations
  8317 | Bailey   | Reached skill level 4 in Transmutations
  8317 | Bailey   | Reached skill level 4 in Fire Magic
  8317 | Bailey   | Reached skill level 4 in Ice Magic
  8317 | Bailey   | Reached skill level 4 in Air Magic
  8317 | Bailey   | Reached skill level 4 in Earth Magic
  8317 | Bailey   | Reached skill level 4 in Poison Magic
  8562 | Bailey   | HP: 55/111 [orc knight/+0 trident (20)]
  8568 | Bailey   | HP: 14/111 [orc knight/+0 trident (15)]
  8569 | Bailey   | Killed an orc knight
  8570 | Bailey   | Reached skill level 5 in Short Blades
  8570 | Bailey   | Reached skill level 5 in Long Blades
  8570 | Bailey   | Reached skill level 5 in Maces & Flails
  8570 | Bailey   | Reached skill level 5 in Polearms
  8570 | Bailey   | Reached skill level 5 in Staves
  8570 | Bailey   | Reached skill level 5 in Ranged Weapons
  8570 | Bailey   | Reached skill level 5 in Throwing
  8570 | Bailey   | Reached skill level 5 in Stealth
  8570 | Bailey   | Reached skill level 5 in Shields
  8570 | Bailey   | Reached skill level 5 in Unarmed Combat
  8570 | Bailey   | Reached skill level 5 in Spellcasting
  8570 | Bailey   | Reached skill level 5 in Evocations
  8570 | Bailey   | Reached XP level 10. HP: 15/81 MP: 17/17
  8990 | Bailey   | Killed a deep elf zephyrmancer
  8991 | Bailey   | Reached skill level 7 in Armour
  8991 | Bailey   | Reached skill level 7 in Dodging
  9051 | Bailey   | Identified the +5 plate armour "Tyarawap" {rC+ MP+9 Int+2}
  9061 | Bailey   | Identified the +3 robe of the Bagpipe {rElec rN+}
  9325 | D:8      | Noticed a two-headed ogre
  9352 | D:8      | Killed a two-headed ogre
  9508 | D:8      | Reached skill level 6 in Invocations
  9510 | D:8      | HP: 41/82 [orc warrior/+0 flail (8)]
  9517 | D:8      | HP: 39/82 [orc warrior/+0 flail (3)]
  9529 | D:7      | HP: 36/82 [orc warrior/+0 flail (6)]
 10130 | D:8      | Reached **** piety under Trog
 10352 | D:9      | Noticed freelancePsychic's ghost (novice SpHu)
 10352 | D:9      | Found a runed translucent door.
 10364 | D:9      | Noticed a kobold demonologist
 10371 | D:9      | Killed a kobold demonologist
 10421 | D:9      | HP: 61/123 [poisoned by a kobold]
 10426 | D:9      | HP: 58/123 [poisoned by a kobold]
 10437 | D:9      | HP: 38/82 [kobold/+0 whip (2)]
 10802 | D:9      | Noticed Pikel
 10812 | D:9      | Killed Pikel
 10813 | D:9      | Reached skill level 9 in Fighting
 10813 | D:9      | Reached skill level 6 in Short Blades
 10813 | D:9      | Reached skill level 6 in Long Blades
 10813 | D:9      | Reached skill level 9 in Axes
 10813 | D:9      | Reached skill level 6 in Maces & Flails
 10813 | D:9      | Reached skill level 6 in Polearms
 10813 | D:9      | Reached skill level 6 in Staves
 10813 | D:9      | Reached skill level 6 in Ranged Weapons
 10813 | D:9      | Reached skill level 6 in Throwing
 10813 | D:9      | Reached skill level 6 in Stealth
 10813 | D:9      | Reached skill level 6 in Shields
 10813 | D:9      | Reached skill level 6 in Unarmed Combat
 10813 | D:9      | Reached skill level 6 in Spellcasting
 10813 | D:9      | Reached skill level 6 in Evocations
 10817 | D:9      | Reached skill level 5 in Conjurations
 10817 | D:9      | Reached skill level 5 in Hexes
 10817 | D:9      | Reached skill level 5 in Summonings
 10817 | D:9      | Reached skill level 5 in Necromancy
 10817 | D:9      | Reached skill level 5 in Translocations
 10817 | D:9      | Reached skill level 5 in Transmutations
 10817 | D:9      | Reached skill level 5 in Fire Magic
 10817 | D:9      | Reached skill level 5 in Ice Magic
 10817 | D:9      | Reached skill level 5 in Air Magic
 10817 | D:9      | Reached skill level 5 in Earth Magic
 10817 | D:9      | Reached skill level 5 in Poison Magic
 10963 | D:8      | Reached XP level 11. HP: 68/89 MP: 20/20
 11052 | D:8      | Killed a two-headed ogre
 11430 | D:9      | Found an ornate altar of the Wu Jian Council.
 11454 | D:9      | Found Vihet's General Store.
 11458 | D:9      | Bought a scroll of identify for 32 gold pieces
 11628 | D:9      | Noticed a boulder beetle
 11639 | D:9      | HP: 42/89 [boulder beetle (10)]
 11648 | D:9      | Killed a boulder beetle
 11649 | D:9      | Reached skill level 8 in Armour
 11649 | D:9      | Reached skill level 8 in Dodging
 11649 | D:9      | Reached skill level 7 in Invocations
 11875 | D:9      | Noticed a centaur warrior
 11875 | D:9      | Noticed a cyclops
 11878 | D:9      | Noticed a manticore
 11979 | D:9      | HP: 44/89 [efreet/bolt of fire (13)]
 11985 | D:9      | HP: 43/133 [centaur warrior (2)]
 11989 | D:9      | Killed a centaur warrior
 11993 | D:9      | HP: 1/89 [cyclops/large rock (27)]
 12348 | D:9      | Noticed a manticore
 12354 | D:8      | Killed a cyclops
 12433 | D:9      | HP: 40/89 [manticore (8)]
 12438 | D:8      | HP: 43/133 [manticore (3)]
 12441 | D:8      | Killed a manticore
 12840 | D:9      | Noticed a two-headed ogre
 12852 | D:9      | HP: 32/89 [two-headed ogre/+0 giant club (17)]
 12857 | D:9      | Killed a two-headed ogre
 13184 | D:9      | HP: 43/89 [manticore (17)]
 13185 | D:9      | Killed a manticore
 13253 | D:9      | Noticed a mana viper
 13449 | D:9      | Reached skill level 7 in Short Blades
 13449 | D:9      | Reached skill level 7 in Long Blades
 13449 | D:9      | Reached skill level 7 in Maces & Flails
 13449 | D:9      | Reached skill level 7 in Polearms
 13449 | D:9      | Reached skill level 7 in Staves
 13449 | D:9      | Reached skill level 7 in Ranged Weapons
 13449 | D:9      | Reached skill level 7 in Throwing
 13449 | D:9      | Reached skill level 7 in Stealth
 13449 | D:9      | Reached skill level 7 in Shields
 13449 | D:9      | Reached skill level 7 in Unarmed Combat
 13449 | D:9      | Reached skill level 7 in Spellcasting
 13449 | D:9      | Reached skill level 7 in Evocations
 13582 | D:9      | Noticed a death drake
 13653 | D:10     | Entered Level 10 of the Dungeon
 13653 | D:10     | Found Zakoegodd's Assorted Antiques.
 13721 | D:10     | Reached ***** piety under Trog
 13921 | D:10     | Reached XP level 12. HP: 80/97 MP: 22/22
 13987 | D:10     | Found a staircase to the Orcish Mines.
 14251 | D:10     | Noticed a two-headed ogre
 14283 | D:10     | Killed a two-headed ogre
 14284 | D:10     | Reached skill level 6 in Conjurations
 14284 | D:10     | Reached skill level 6 in Hexes
 14284 | D:10     | Reached skill level 6 in Summonings
 14284 | D:10     | Reached skill level 6 in Necromancy
 14284 | D:10     | Reached skill level 6 in Translocations
 14284 | D:10     | Reached skill level 6 in Transmutations
 14284 | D:10     | Reached skill level 6 in Fire Magic
 14284 | D:10     | Reached skill level 6 in Ice Magic
 14284 | D:10     | Reached skill level 6 in Air Magic
 14284 | D:10     | Reached skill level 6 in Earth Magic
 14284 | D:10     | Reached skill level 6 in Poison Magic
 14336 | D:10     | Received a gift from Trog
 14341 | D:10     | Reached skill level 8 in Invocations
 14757 | D:10     | Found Fest's Jewellery Shoppe.
 14965 | D:11     | Noticed a two-headed ogre
 14996 | D:11     | Reached skill level 10 in Fighting
 14996 | D:11     | Reached skill level 10 in Axes
 15140 | D:11     | Killed a two-headed ogre
 15373 | D:11     | HP: 47/97 [something (9)]
 15629 | D:11     | Noticed a two-headed ogre
 15663 | D:11     | Killed a two-headed ogre
 15664 | D:11     | Reached skill level 9 in Armour
 15664 | D:11     | Reached skill level 9 in Dodging
 15804 | D:11     | Noticed Snorg
 15818 | D:11     | Killed Snorg
 16495 | D:12     | Noticed a two-headed ogre
 16540 | D:12     | Killed a two-headed ogre
 16541 | D:12     | Reached skill level 8 in Short Blades
 16541 | D:12     | Reached skill level 8 in Long Blades
 16541 | D:12     | Reached skill level 8 in Maces & Flails
 16541 | D:12     | Reached skill level 8 in Polearms
 16541 | D:12     | Reached skill level 8 in Staves
 16541 | D:12     | Reached skill level 8 in Ranged Weapons
 16541 | D:12     | Reached skill level 8 in Throwing
 16541 | D:12     | Reached skill level 8 in Stealth
 16541 | D:12     | Reached skill level 8 in Shields
 16541 | D:12     | Reached skill level 8 in Unarmed Combat
 16541 | D:12     | Reached skill level 8 in Spellcasting
 16541 | D:12     | Reached skill level 8 in Evocations
 16864 | D:12     | Noticed Psyche
 16884 | D:12     | Killed Psyche
 16885 | D:12     | Reached XP level 13. HP: 104/104 MP: 8/25
 16925 | D:12     | Reached skill level 9 in Invocations
 17464 | D:12     | Found a portal to a secret trove of treasure.
 17921 | D:13     | Reached skill level 7 in Conjurations
 17921 | D:13     | Reached skill level 7 in Hexes
 17921 | D:13     | Reached skill level 7 in Summonings
 17921 | D:13     | Reached skill level 7 in Necromancy
 17921 | D:13     | Reached skill level 7 in Translocations
 17921 | D:13     | Reached skill level 7 in Transmutations
 17921 | D:13     | Reached skill level 7 in Fire Magic
 17921 | D:13     | Reached skill level 7 in Ice Magic
 17921 | D:13     | Reached skill level 7 in Air Magic
 17921 | D:13     | Reached skill level 7 in Earth Magic
 17921 | D:13     | Reached skill level 7 in Poison Magic
 18020 | D:13     | Identified the +5 eveningstar of Death's Door {god gift,
                  | vorpal, rPois rC- rN+++ Int-5} (Trog gifted it to you on
                  | level 13 of the Dungeon)
 18020 | D:13     | Received a gift from Trog
 18143 | D:13     | Found a stormy altar of Qazlal.
 18327 | D:13     | HP: 31/105 [very large slime creature (47)]
 18721 | Lair:1   | Entered Level 1 of the Lair of Beasts
 19303 | Lair:1   | Noticed Sonja
 19306 | Lair:1   | Killed Sonja
 19340 | Lair:1   | Noticed Amaemon
 19370 | Lair:1   | Reached skill level 11 in Fighting
 19370 | Lair:1   | Reached skill level 11 in Axes
 19370 | Lair:1   | Reached skill level 10 in Armour
 19370 | Lair:1   | Reached skill level 10 in Dodging
 19379 | Lair:1   | Killed Amaemon
 19380 | Lair:1   | HP: 79/159 [poisoned by Amaemon]
 19385 | Lair:1   | HP: 41/106 [poisoned by Amaemon]
 19394 | Lair:1   | HP: 36/106 [black mamba (5)]
 20022 | Lair:1   | Noticed a dire elephant
 20022 | Lair:1   | Noticed a dire elephant
 20022 | Lair:1   | Found the +7 Spriggan's Knife {stab, EV+4 Stlth+}
 20044 | Lair:1   | Found a runed translucent door.
 20102 | Lair:1   | Reached skill level 9 in Short Blades
 20102 | Lair:1   | Reached skill level 9 in Long Blades
 20102 | Lair:1   | Reached skill level 9 in Maces & Flails
 20102 | Lair:1   | Reached skill level 9 in Polearms
 20102 | Lair:1   | Reached skill level 9 in Staves
 20102 | Lair:1   | Reached skill level 9 in Ranged Weapons
 20102 | Lair:1   | Reached skill level 9 in Throwing
 20102 | Lair:1   | Reached skill level 9 in Stealth
 20102 | Lair:1   | Reached skill level 9 in Shields
 20102 | Lair:1   | Reached skill level 9 in Unarmed Combat
 20102 | Lair:1   | Reached skill level 9 in Spellcasting
 20102 | Lair:1   | Reached skill level 9 in Evocations
 20684 | Lair:1   | HP: 65/159 [dire elephant (20)]
 20689 | Lair:1   | Killed a dire elephant
 20694 | Lair:1   | Killed a dire elephant
 21145 | Lair:2   | Found a staircase to the Shoals.
 21288 | Lair:2   | Identified the +6 short sword "Sefu" {holy, Dex+3}
 21332 | Lair:2   | Reached XP level 14. HP: 113/113 MP: 27/27
 21412 | Lair:2   | Reached skill level 10 in Invocations
 21542 | Lair:2   | Noticed Nergalle
 21556 | Lair:2   | Killed Nergalle
 21651 | Lair:2   | Found a hole to the Spider Nest.
 22252 | Lair:3   | Found a sparkling altar of Nemelex Xobeh.
 23264 | Lair:3   | Noticed Urug
 23282 | Lair:3   | Killed Urug
 24147 | Lair:4   | Reached skill level 8 in Conjurations
 24147 | Lair:4   | Reached skill level 8 in Hexes
 24147 | Lair:4   | Reached skill level 8 in Summonings
 24147 | Lair:4   | Reached skill level 8 in Necromancy
 24147 | Lair:4   | Reached skill level 8 in Translocations
 24147 | Lair:4   | Reached skill level 8 in Transmutations
 24147 | Lair:4   | Reached skill level 8 in Fire Magic
 24147 | Lair:4   | Reached skill level 8 in Ice Magic
 24147 | Lair:4   | Reached skill level 8 in Air Magic
 24147 | Lair:4   | Reached skill level 8 in Earth Magic
 24147 | Lair:4   | Reached skill level 8 in Poison Magic
 24727 | Lair:5   | Entered Level 5 of the Lair of Beasts
 24784 | Lair:5   | Received a gift from Trog
 25266 | Lair:5   | Found a staircase to the Slime Pits.
 25267 | Lair:5   | Found a viscous altar of Jiyva.
 25312 | Lair:5   | HP: 56/114 [acid (5)]
 26293 | Lair:5   | Reached skill level 11 in Armour
 26293 | Lair:5   | Reached skill level 11 in Dodging
 26298 | Lair:5   | Reached skill level 10 in Short Blades
 26298 | Lair:5   | Reached skill level 10 in Long Blades
 26298 | Lair:5   | Reached skill level 10 in Maces & Flails
 26298 | Lair:5   | Reached skill level 10 in Polearms
 26298 | Lair:5   | Reached skill level 10 in Staves
 26298 | Lair:5   | Reached skill level 10 in Ranged Weapons
 26298 | Lair:5   | Reached skill level 10 in Throwing
 26298 | Lair:5   | Reached skill level 10 in Stealth
 26298 | Lair:5   | Reached skill level 10 in Shields
 26298 | Lair:5   | Reached skill level 10 in Unarmed Combat
 26298 | Lair:5   | Reached skill level 10 in Spellcasting
 26298 | Lair:5   | Reached skill level 10 in Evocations
 26779 | Lair:5   | Reached XP level 15. HP: 91/120 MP: 12/29
 26952 | Lair:5   | Reached skill level 11 in Invocations
 27195 | Lair:5   | Reached skill level 12 in Fighting
 27195 | Lair:5   | Reached skill level 12 in Axes
 27352 | Lair:5   | Found a corrupted altar of Lugonu.
 27352 | Lair:5   | Found a one-way gate to the infinite horrors of the Abyss.
 27629 | Orc:1    | Entered Level 1 of the Orcish Mines
 27656 | Orc:1    | Received a gift from Trog
 27760 | Orc:1    | Found Seonu's Assorted Antiques.
 27790 | Orc:1    | Noticed Erolcha
 27812 | Orc:1    | HP: 60/120 [poisoned by an orc wizard]
 27814 | Orc:1    | Killed Erolcha
 27817 | Orc:1    | HP: 58/120 [poisoned by an orc wizard]
 28218 | Orc:2    | Entered Level 2 of the Orcish Mines
 28224 | Orc:2    | Noticed an orc warlord
 28243 | Orc:1    | HP: 52/120 [orc warlord/+2 vampiric battleaxe (15)]
 28260 | Orc:1    | Killed an orc warlord
 28615 | Orc:2    | Found a staircase to the Elven Halls.
 28719 | Orc:2    | Found Qarghifok's General Store.
 28761 | Orc:2    | HP: 49/120 [orc warrior/+0 battleaxe (14)]
 28774 | Orc:2    | HP: 38/120 [orc priest/divine providence (15)]
 28778 | Orc:2    | HP: 9/120 [orc warrior/+0 short sword (14)]
 29168 | Orc:2    | Noticed Rupert
 29181 | Orc:2    | HP: 29/120 [Rupert/+3 antimagic battleaxe (42)]
 29506 | Orc:2    | Killed Rupert
 29751 | Orc:2    | Found Suetig's General Store.
 29993 | Orc:2    | Bought a scroll of acquirement for 728 gold pieces
 29993 | Orc:2    | Bought a potion of cancellation for 112 gold pieces
 29993 | Orc:2    | Bought a scroll of teleportation for 42 gold pieces
 29993 | Orc:2    | Acquired the +7 crystal plate armour "Yroung" {Fly rN+
                  | Dex-3 Stlth+}
 29998 | Orc:2    | Acquired a manual of Shields
 30000 | Orc:2    | Acquired 722 gold pieces
 30500 | Orc:2    | HP: 54/122 [orc high priest/divine providence (14)]
 30507 | Orc:2    | HP: 44/122 [demonspawn (5)]
 31166 | Orc:2    | HP: 58/119 [orc high priest/divine providence (11)]
 31187 | Orc:2    | HP: 58/120 [ufetubus[an orc sorcerer] (4)]
 31200 | Orc:2    | HP: 60/120 [ufetubus[an orc sorcerer] (2)]
 31220 | Orc:2    | HP: 53/120 [demonspawn (13)]
 31842 | Orc:2    | Found Pusmuhyi's Antique Weapon Shoppe.
 31842 | Orc:2    | Found Otig's Jewellery Emporium.
 31843 | Orc:2    | Found a one-way gate leading to the halls of Pandemonium.
 31847 | Orc:2    | Bought the ring of Orghaum {rF+ EV+4} for 700 gold pieces
 31941 | D:9      | Bought a scroll of teleportation for 48 gold pieces
 32014 | Orc:2    | Bought a scroll of magic mapping for 105 gold pieces
 32223 | D:13     | Reached skill level 9 in Conjurations
 32223 | D:13     | Reached skill level 9 in Hexes
 32223 | D:13     | Reached skill level 9 in Summonings
 32223 | D:13     | Reached skill level 9 in Necromancy
 32223 | D:13     | Reached skill level 9 in Translocations
 32223 | D:13     | Reached skill level 9 in Transmutations
 32223 | D:13     | Reached skill level 9 in Fire Magic
 32223 | D:13     | Reached skill level 9 in Ice Magic
 32223 | D:13     | Reached skill level 9 in Air Magic
 32223 | D:13     | Reached skill level 9 in Earth Magic
 32223 | D:13     | Reached skill level 9 in Poison Magic
 32226 | D:13     | Reached ****** piety under Trog
 32517 | D:13     | Reached skill level 11 in Shields
 32564 | D:13     | HP: 58/122 [boulder beetle (31)]
 32940 | D:13     | Found a gate to the Vaults.
 33042 | D:13     | Received a gift from Trog
 33541 | D:14     | Found a shimmering blue altar of Sif Muna.
 34117 | D:15     | Entered Level 15 of the Dungeon
 34263 | D:15     | Reached XP level 16. HP: 121/129 MP: 30/30
 34323 | D:15     | Reached skill level 11 in Short Blades
 34323 | D:15     | Reached skill level 11 in Long Blades
 34323 | D:15     | Reached skill level 11 in Maces & Flails
 34323 | D:15     | Reached skill level 11 in Polearms
 34323 | D:15     | Reached skill level 11 in Staves
 34323 | D:15     | Reached skill level 11 in Ranged Weapons
 34323 | D:15     | Reached skill level 11 in Throwing
 34323 | D:15     | Reached skill level 11 in Stealth
 34323 | D:15     | Reached skill level 11 in Unarmed Combat
 34323 | D:15     | Reached skill level 11 in Spellcasting
 34323 | D:15     | Reached skill level 11 in Evocations
 34550 | D:15     | Reached skill level 12 in Invocations
 34667 | D:15     | Noticed Josephine
 34694 | D:15     | Killed Josephine
 34700 | D:15     | Reached skill level 12 in Armour
 34700 | D:15     | Reached skill level 12 in Dodging
 35243 | D:15     | HP: 61/129 [meliai/divine providence (14)]
 35257 | D:15     | HP: 41/129 [meliai/divine providence (10)]
 35265 | D:15     | HP: 30/129 [killer bee (5)]
 35632 | D:15     | Found a hide-covered altar of Uskayaw.
 35827 | D:15     | Reached skill level 12 in Shields
 35828 | D:15     | Found a staircase to the Depths.
 36437 | Spider:1 | Entered Level 1 of the Spider Nest
 36449 | Spider:1 | Received a gift from Trog
 36552 | Spider:1 | You fall into a shaft and drop 1 floor!
 36558 | Spider:2 | Reached skill level 13 in Fighting
 36558 | Spider:2 | Reached skill level 13 in Axes
 37071 | Spider:2 | Noticed Agnes
 37085 | Spider:2 | Killed Agnes
 37556 | Spider:2 | Noticed Arachne
 37578 | Spider:2 | HP: 64/130 [Arachne/staff of poison (7)]
 37583 | Spider:2 | HP: 26/130 [spark wasp (15)]
 37588 | Spider:2 | Killed Arachne
 38073 | Spider:2 | HP: 57/131 [emperor scorpion (10)]
 38073 | Spider:2 | HP: 15/131 [disintegration (42)]
 38585 | Spider:2 | Noticed Asterion
 38590 | Spider:2 | Noticed an Executioner
 38677 | Spider:2 | Noticed an Executioner
 38751 | Spider:2 | Killed Asterion
 38948 | Spider:1 | Reached XP level 17. HP: 110/137 MP: 32/32
 39014 | Spider:1 | HP: 65/137 [demonic crawler (5)]
 39022 | Spider:1 | Received a gift from Trog
 39374 | Lair:2   | Reached skill level 13 in Shields
 39526 | Spider:1 | Reached skill level 10 in Conjurations
 39526 | Spider:1 | Reached skill level 10 in Hexes
 39526 | Spider:1 | Reached skill level 10 in Summonings
 39526 | Spider:1 | Reached skill level 10 in Necromancy
 39526 | Spider:1 | Reached skill level 10 in Translocations
 39526 | Spider:1 | Reached skill level 10 in Transmutations
 39526 | Spider:1 | Reached skill level 10 in Fire Magic
 39526 | Spider:1 | Reached skill level 10 in Ice Magic
 39526 | Spider:1 | Reached skill level 10 in Air Magic
 39526 | Spider:1 | Reached skill level 10 in Earth Magic
 39526 | Spider:1 | Reached skill level 10 in Poison Magic
 40279 | Spider:3 | Noticed Mara
 40295 | Spider:3 | Killed Mara
 40595 | Spider:3 | Reached skill level 13 in Invocations
 40638 | Spider:3 | Reached skill level 12 in Short Blades
 40638 | Spider:3 | Reached skill level 12 in Long Blades
 40638 | Spider:3 | Reached skill level 12 in Maces & Flails
 40638 | Spider:3 | Reached skill level 12 in Polearms
 40638 | Spider:3 | Reached skill level 12 in Staves
 40638 | Spider:3 | Reached skill level 12 in Ranged Weapons
 40638 | Spider:3 | Reached skill level 12 in Throwing
 40638 | Spider:3 | Reached skill level 12 in Stealth
 40638 | Spider:3 | Reached skill level 12 in Unarmed Combat
 40638 | Spider:3 | Reached skill level 12 in Spellcasting
 40638 | Spider:3 | Reached skill level 12 in Evocations
 40828 | Spider:3 | Lost intelligence.
 41575 | Spider:3 | Noticed Bai Suzhen
 41610 | Spider:3 | Killed Bai Suzhen
 41957 | Spider:4 | Entered Level 4 of the Spider Nest
 42176 | Spider:4 | Reached skill level 13 in Armour
 42176 | Spider:4 | Reached skill level 13 in Dodging
 42373 | Spider:4 | HP: 65/138 [emperor scorpion (5)]
 43409 | Spider:4 | Reached skill level 14 in Shields
 43410 | Spider:4 | HP: 67/138 [poisoned by an emperor scorpion]
 43415 | Spider:4 | HP: 56/138 [poisoned by an emperor scorpion]
 43421 | Spider:4 | HP: 79/207 [poisoned by an emperor scorpion]
 44587 | Spider:4 | Reached skill level 14 in Fighting
 44587 | Spider:4 | Reached skill level 14 in Axes
 44587 | Spider:4 | Reached XP level 18. HP: 96/146 MP: 34/34
 44679 | Spider:4 | HP: 70/146 [something (10)]
 44684 | Spider:4 | HP: 57/146 [something (8)]
 44690 | Spider:3 | HP: 70/219 [something (5)]
 45141 | Spider:4 | HP: 73/146 [emperor scorpion (4)]
 45146 | Spider:4 | HP: 104/219 [poisoned by an emperor scorpion]
 45151 | Spider:4 | HP: 97/219 [poisoned by an emperor scorpion]
 45895 | Spider:4 | Got a gossamer rune of Zot
 46086 | Shoals:1 | Entered Level 1 of the Shoals
 46301 | Shoals:1 | HP: 71/146 [drowned by a water elemental[a merfolk
                  | aquamancer] (5)]
 46306 | Shoals:1 | HP: 46/146 [drowned by a water elemental[a merfolk
                  | aquamancer] (6)]
 47754 | Shoals:2 | HP: 73/146 [merfolk aquamancer/+0 rapier (6)]
 48392 | Shoals:2 | Received a gift from Trog
 49173 | Shoals:3 | Acquired 1122 gold pieces
 49262 | Shoals:3 | Identified the +0 rapier of Quudotu {flame, rF+++ Will+}
 49344 | Shoals:3 | Reached skill level 14 in Invocations
 49736 | Shoals:3 | Reached skill level 15 in Shields
 49736 | Shoals:3 | Reached skill level 11 in Conjurations
 49736 | Shoals:3 | Reached skill level 11 in Hexes
 49736 | Shoals:3 | Reached skill level 11 in Summonings
 49736 | Shoals:3 | Reached skill level 11 in Necromancy
 49736 | Shoals:3 | Reached skill level 11 in Translocations
 49736 | Shoals:3 | Reached skill level 11 in Transmutations
 49736 | Shoals:3 | Reached skill level 11 in Fire Magic
 49736 | Shoals:3 | Reached skill level 11 in Ice Magic
 49736 | Shoals:3 | Reached skill level 11 in Air Magic
 49736 | Shoals:3 | Reached skill level 11 in Earth Magic
 49736 | Shoals:3 | Reached skill level 11 in Poison Magic
 49750 | Shoals:3 | HP: 61/147 [merfolk/boomerang[a merfolk javelineer] (14)]
 49757 | Shoals:3 | HP: 55/147 [merfolk/+0 trident[a merfolk javelineer] (8)]
 49762 | Shoals:3 | HP: 52/147 [merfolk/+0 trident[a merfolk javelineer] (2)]
 50183 | Shoals:3 | Reached skill level 13 in Short Blades
 50183 | Shoals:3 | Reached skill level 13 in Long Blades
 50183 | Shoals:3 | Reached skill level 13 in Maces & Flails
 50183 | Shoals:3 | Reached skill level 13 in Polearms
 50183 | Shoals:3 | Reached skill level 13 in Staves
 50183 | Shoals:3 | Reached skill level 13 in Ranged Weapons
 50183 | Shoals:3 | Reached skill level 13 in Throwing
 50183 | Shoals:3 | Reached skill level 13 in Stealth
 50183 | Shoals:3 | Reached skill level 13 in Unarmed Combat
 50183 | Shoals:3 | Reached skill level 13 in Spellcasting
 50183 | Shoals:3 | Reached skill level 13 in Evocations
 50302 | Shoals:3 | Noticed Nikola
 50324 | Shoals:3 | Killed Nikola
 50336 | Shoals:3 | HP: 70/147 [snapping turtle (8)]
 51222 | Shoals:4 | Entered Level 4 of the Shoals
 51967 | Shoals:4 | Reached XP level 19. HP: 117/153 MP: 36/36
 52153 | Shoals:4 | Reached skill level 14 in Armour
 52153 | Shoals:4 | Reached skill level 14 in Dodging
 52386 | Shoals:4 | Noticed Polyphemus
 52566 | Shoals:4 | Killed Polyphemus
 52879 | Shoals:4 | HP: 71/154 [drowned by a drowned soul[a merfolk avatar]
                  | (14)]
 53237 | Shoals:4 | Paralysed by a sphinx for 4 turns
 53343 | Shoals:4 | Got a barnacled rune of Zot
 53368 | Shoals:4 | Identified the +6 hand crossbow "Esasmid" {vorpal, rC+
                  | MP+9}
 53756 | Vaults:1 | Entered Level 1 of the Vaults
 53756 | Vaults:1 | You fall into a shaft and drop 1 floor!
 53894 | Vaults:1 | Found a crumbling gateway.
 54015 | Desolati | Entered the Desolation of Salt
 54041 | Desolati | Received a gift from Trog
 54090 | Desolati | Reached skill level 16 in Shields
 54372 | Desolati | Reached skill level 15 in Fighting
 54372 | Desolati | Reached skill level 15 in Axes
 54401 | Desolati | HP: 77/155 [servant of whispers/+0 spear (1)]
 54417 | Desolati | HP: 72/155 [guardian serpent (9)]
 54423 | Desolati | HP: 57/155 [servant of whispers/bolt of lightning (18)]
 54430 | Desolati | HP: 59/155 [servant of whispers/bolt of lightning (1)]
 54759 | Desolati | Identified the +3 ring mail of Azethrom {rC+ Will+ Dex-4}
 54861 | Desolati | HP: 113/232 [servant of whispers/bolt of lightning (25)]
 55152 | Desolati | HP: 116/232 [poisoned by an imperial myrmidon]
 55159 | Desolati | HP: 115/232 [poisoned by an imperial myrmidon]
 55678 | Desolati | Reached skill level 15 in Invocations
 55693 | Desolati | Received a gift from Trog
 55724 | Desolati | Identified the +0 shadow dragon scales "Ahomaom" {Dex+4
                  | Stlth++++}
 55724 | Desolati | Found the +0 pair of fencer's gloves {Riposte Dex+3}
 55744 | Desolati | Identified the +0 scale mail "Zamm" {rCorr Str+2 SInv}
 55757 | Desolati | Found the +3 robe of Clouds {*Thunder rCloud rElec}
 55806 | Desolati | Identified the ring "Qubu" {Str+6 Slay+5}
 55867 | Desolati | Identified the +5 ring mail of Untruth {rCorr MP+9 Str+7
                  | Int-2}
 56353 | Vaults:1 | Reached XP level 20. HP: 162/162 MP: 37/37
 56404 | Vaults:1 | HP: 79/162 [ironbound frostheart/creeping frost (6)]
 56406 | Vaults:1 | Reached skill level 14 in Short Blades
 56406 | Vaults:1 | Reached skill level 14 in Long Blades
 56406 | Vaults:1 | Reached skill level 14 in Maces & Flails
 56406 | Vaults:1 | Reached skill level 14 in Polearms
 56406 | Vaults:1 | Reached skill level 14 in Staves
 56406 | Vaults:1 | Reached skill level 14 in Ranged Weapons
 56406 | Vaults:1 | Reached skill level 14 in Throwing
 56406 | Vaults:1 | Reached skill level 14 in Stealth
 56406 | Vaults:1 | Reached skill level 14 in Unarmed Combat
 56406 | Vaults:1 | Reached skill level 14 in Spellcasting
 56406 | Vaults:1 | Reached skill level 14 in Evocations
 56416 | Vaults:1 | HP: 69/162 [slime creature (13)]
 56942 | Vaults:1 | Reached skill level 12 in Conjurations
 56942 | Vaults:1 | Reached skill level 12 in Hexes
 56942 | Vaults:1 | Reached skill level 12 in Summonings
 56942 | Vaults:1 | Reached skill level 12 in Necromancy
 56942 | Vaults:1 | Reached skill level 12 in Translocations
 56942 | Vaults:1 | Reached skill level 12 in Transmutations
 56942 | Vaults:1 | Reached skill level 12 in Fire Magic
 56942 | Vaults:1 | Reached skill level 12 in Ice Magic
 56942 | Vaults:1 | Reached skill level 12 in Air Magic
 56942 | Vaults:1 | Reached skill level 12 in Earth Magic
 56942 | Vaults:1 | Reached skill level 12 in Poison Magic
 57094 | Vaults:1 | Received a gift from Trog
 57176 | Vaults:1 | Reached skill level 17 in Shields
 57919 | Vaults:2 | Noticed Aizul
 57936 | Vaults:2 | HP: 70/163 [Aizul/bolt of poison (20)]
 57940 | Vaults:2 | Killed Aizul
 58367 | Vaults:2 | Reached skill level 15 in Armour
 58367 | Vaults:2 | Reached skill level 15 in Dodging
 58558 | Vaults:2 | Noticed Margery
 58578 | Vaults:2 | HP: 71/163 [hell knight/bolt of fire[Margery] (24)]
 58775 | Vaults:2 | Noticed Jory
 58788 | Vaults:2 | Killed Jory
 59044 | Vaults:2 | Noticed Boris
 59102 | Vaults:1 | Killed Boris
 59296 | Vaults:2 | Received a gift from Trog
 59328 | Vaults:2 | HP: 123/246 [Margery/bolt of fire (37)]
 59330 | Vaults:2 | Killed Margery
 59727 | Vaults:2 | Acquired 547 gold pieces
 59729 | Vaults:2 | Acquired a manual of Fighting
 59897 | Vaults:2 | Reached XP level 21. HP: 170/170 MP: 39/39
 60334 | Vaults:3 | Found a staircase to the Crypt.
 60334 | Vaults:3 | Found a basalt altar of Yredelemnul.
 60334 | Vaults:3 | Found an ancient bone altar of Kikubaaqudgha.
 60363 | Vaults:3 | Reached skill level 16 in Fighting
 60571 | Vaults:3 | Reached skill level 16 in Axes
 60679 | Vaults:3 | Reached skill level 16 in Invocations
 60865 | Vaults:3 | Reached skill level 18 in Shields
 61417 | Vaults:3 | Received a gift from Trog
 61897 | Vaults:3 | Identified the +2 helmet of Shielding {Rampage Will- MP+9
                  | Str+4}
 62028 | Vaults:3 | Found Pifow's Magic Scroll Boutique.
 62033 | Vaults:3 | Bought a scroll of teleportation for 42 gold pieces
 62033 | Vaults:3 | Bought a scroll of teleportation for 42 gold pieces
 62196 | Vaults:4 | Reached skill level 15 in Short Blades
 62196 | Vaults:4 | Reached skill level 15 in Long Blades
 62196 | Vaults:4 | Reached skill level 15 in Maces & Flails
 62196 | Vaults:4 | Reached skill level 15 in Polearms
 62196 | Vaults:4 | Reached skill level 15 in Staves
 62196 | Vaults:4 | Reached skill level 15 in Ranged Weapons
 62196 | Vaults:4 | Reached skill level 15 in Throwing
 62196 | Vaults:4 | Reached skill level 15 in Stealth
 62196 | Vaults:4 | Reached skill level 15 in Unarmed Combat
 62196 | Vaults:4 | Reached skill level 15 in Spellcasting
 62196 | Vaults:4 | Reached skill level 15 in Evocations
 62228 | Vaults:4 | HP: 50/172 [ironbound thunderhulk/bolt of lightning (50)]
 62690 | Vaults:4 | Found a flickering gateway to a bazaar.
 62707 | Bazaar   | Entered a bazaar
 62707 | Bazaar   | Found Atausiab's Book Shop.
 62707 | Bazaar   | Found Faamemak's Antique Armour Shoppe.
 62709 | Bazaar   | Found Emamasel's Jewellery Shop.
 62709 | Bazaar   | Found Avvig's Antique Armour Emporium.
 62769 | Bazaar   | Bought a pair of embroidered boots for 247 gold pieces
 63545 | Vaults:4 | Received a gift from Trog
 63924 | Vaults:4 | Reached skill level 17 in Fighting
 64185 | Vaults:4 | Reached skill level 13 in Conjurations
 64185 | Vaults:4 | Reached skill level 13 in Hexes
 64185 | Vaults:4 | Reached skill level 13 in Summonings
 64185 | Vaults:4 | Reached skill level 13 in Necromancy
 64185 | Vaults:4 | Reached skill level 13 in Translocations
 64185 | Vaults:4 | Reached skill level 13 in Transmutations
 64185 | Vaults:4 | Reached skill level 13 in Fire Magic
 64185 | Vaults:4 | Reached skill level 13 in Ice Magic
 64185 | Vaults:4 | Reached skill level 13 in Air Magic
 64185 | Vaults:4 | Reached skill level 13 in Earth Magic
 64185 | Vaults:4 | Reached skill level 13 in Poison Magic
 64223 | Vaults:4 | Reached XP level 22. HP: 135/181 MP: 41/41
 64830 | Slime:1  | Entered Level 1 of the Pits of Slime
 64867 | Slime:1  | HP: 77/181 [acid (28)]
 65392 | Slime:4  | Reached skill level 16 in Armour
 65392 | Slime:4  | Reached skill level 16 in Dodging
 65435 | Slime:5  | Entered Level 5 of the Pits of Slime
 65452 | Slime:5  | Received a gift from Trog
 65517 | Slime:5  | Reached skill level 19 in Shields
 65534 | Slime:5  | Noticed the Royal Jelly
 65535 | Slime:5  | Found a viscous altar of Jiyva.
 65565 | Slime:5  | HP: 91/182 [quicksilver ooze[the Royal Jelly] (13)]
 65577 | Slime:5  | HP: 77/182 [the Royal Jelly (7)]
 65581 | Slime:5  | HP: 38/182 [acid (4)]
 65598 | Slime:5  | Killed the Royal Jelly
 66016 | Slime:5  | Gained mutation: You occasionally lose the ability to drink
                  | potions when taking damage. [a shining eye]
 66021 | Slime:5  | Gained mutation: You passively dampen the noise of your
                  | surroundings. [a shining eye]
 66023 | Slime:5  | Gained mutation: Armour fits poorly on your strangely
                  | shaped body. [a shining eye]
 66033 | Slime:5  | HP: 91/182 [acid (1)]
 66402 | Slime:5  | Identified the +3 ice dragon scales of the Several Ghosts
                  | {Harm rF- rC++}
 66408 | Slime:5  | Identified the ring "Wumuvif" {Fire *Slow rCorr Int+8 SInv}
 66444 | Slime:5  | Got a slimy rune of Zot
 66478 | Slime:5  | Identified the +9 hand axe of Theory {flame, Str+7 Int+2
                  | Dex+3}
 66743 | D:12     | You showed the slimy rune of Zot to enter a treasure trove
 66744 | Trove    | Entered a treasure trove
 66970 | Crypt:1  | Entered Level 1 of the Crypt
 67231 | Crypt:1  | Found a runed translucent gate.
 67233 | Crypt:1  | Found a runed translucent gate.
 67233 | Crypt:1  | Found an opulent altar of Gozag.
 67234 | Crypt:1  | Found a runed translucent gate.
 67235 | Crypt:1  | Noticed Xenat's ghost (veteran MiGl)
 67303 | Crypt:1  | Reached skill level 17 in Invocations
 67396 | Crypt:1  | Received a gift from Trog
 67441 | Crypt:1  | HP: 78/183 [flayed ghost/flay_damage[a curse skull] (24)]
 67446 | Crypt:1  | HP: 70/274 [phantasmal warrior[a curse skull] (22)]
 68470 | Crypt:2  | Noticed Boris
 68481 | Crypt:2  | Killed Boris
 68499 | Crypt:2  | Reached skill level 18 in Fighting
 68499 | Crypt:2  | Reached skill level 16 in Evocations
 68770 | Crypt:2  | Reached skill level 17 in Axes
 69286 | Crypt:2  | Identified the +6 double sword "Uwkuzxer" {god gift,
                  | vorpal, Str+4} (Trog gifted it to you on level 2 of the
                  | Crypt)
 69286 | Crypt:2  | Received a gift from Trog
 69432 | Crypt:2  | Reached XP level 23. HP: 190/190 MP: 42/42
 69639 | Crypt:2  | Gained mutation: Your magical capacity is low. (-10% MP)
                  | [mutagenic glow]
 69643 | Crypt:2  | Reached skill level 16 in Short Blades
 69643 | Crypt:2  | Reached skill level 16 in Long Blades
 69643 | Crypt:2  | Reached skill level 16 in Maces & Flails
 69643 | Crypt:2  | Reached skill level 16 in Polearms
 69643 | Crypt:2  | Reached skill level 16 in Staves
 69643 | Crypt:2  | Reached skill level 16 in Ranged Weapons
 69643 | Crypt:2  | Reached skill level 16 in Throwing
 69643 | Crypt:2  | Reached skill level 16 in Stealth
 69643 | Crypt:2  | Reached skill level 16 in Unarmed Combat
 69643 | Crypt:2  | Reached skill level 16 in Spellcasting
 69654 | Crypt:2  | Gained mutation: You sometimes lose the ability to drink
                  | potions when taking damage. [mutagenic glow]
 69655 | Crypt:2  | Lost mutation: Armour fits poorly on your strangely shaped
                  | body. [potion of mutation]
 69655 | Crypt:2  | Lost mutation: Your magical capacity is low. (-10% MP)
                  | [potion of mutation]
 69655 | Crypt:2  | Gained mutation: Your movements are slightly less
                  | encumbered by armour. (ER -2) [potion of mutation]
 69655 | Crypt:2  | Gained mutation: You have hidden genetic potential. [potion
                  | of mutation]
 69655 | Crypt:2  | Gained mutation: Your muscles are strong. (Str +4, Int/Dex
                  | -1) [potion of mutation]
 69676 | Crypt:2  | HP: 61/191 [torment (47)]
 70179 | Crypt:2  | Paralysed by a Zot trap for 3 turns
 70399 | Crypt:2  | Paralysed by a Zot trap for 2 turns
 70475 | Crypt:2  | Noticed a royal mummy
 70486 | Crypt:2  | Killed a royal mummy
 70576 | Crypt:3  | Entered Level 3 of the Crypt
 70952 | Crypt:3  | Reached skill level 20 in Shields
 71095 | Crypt:3  | HP: 133/280 [???[a doom hound] (107)]
 71104 | Crypt:3  | Noticed Grunn
 71111 | Crypt:3  | HP: 79/192 [caustic shrike zombie (14)]
 71116 | Crypt:3  | HP: 71/190 [eidolon/bolt of negative energy (3)]
 71665 | Crypt:3  | HP: 61/192 [???[a doom hound] (47)]
 71857 | Crypt:3  | Received a gift from Trog
 72084 | Crypt:3  | Found an ancient bone altar of Kikubaaqudgha.
 72095 | Crypt:3  | Reached skill level 17 in Evocations
 72098 | Crypt:3  | HP: 88/187 [??? (69)]
 72104 | Crypt:3  | HP: 70/183 [necromancer/bolt of negative energy (20)]
 72695 | Crypt:3  | Noticed an ancient lich
 72700 | Crypt:3  | Killed an ancient lich
 72814 | Crypt:3  | Reached skill level 19 in Fighting
 72880 | Crypt:3  | Received a gift from Trog
 72940 | Crypt:3  | Reached skill level 17 in Armour
 72940 | Crypt:3  | Reached skill level 17 in Dodging
 72965 | Crypt:3  | Reached skill level 14 in Conjurations
 72965 | Crypt:3  | Reached skill level 14 in Hexes
 72965 | Crypt:3  | Reached skill level 14 in Summonings
 72965 | Crypt:3  | Reached skill level 14 in Necromancy
 72965 | Crypt:3  | Reached skill level 14 in Translocations
 72965 | Crypt:3  | Reached skill level 14 in Transmutations
 72965 | Crypt:3  | Reached skill level 14 in Fire Magic
 72965 | Crypt:3  | Reached skill level 14 in Ice Magic
 72965 | Crypt:3  | Reached skill level 14 in Air Magic
 72965 | Crypt:3  | Reached skill level 14 in Earth Magic
 72965 | Crypt:3  | Reached skill level 14 in Poison Magic
 73040 | Crypt:3  | Found a staircase to the Tomb.
 73453 | Depths:1 | Entered Level 1 of the Depths
 73681 | Depths:1 | You are sucked into a shaft and drop 1 floor!
 73682 | Depths:2 | Found a gateway to Hell.
 73948 | Depths:1 | Found Anogheth's Antique Armour Shoppe.
 73963 | Depths:1 | Found Emathr Sarae's Antique Weapon Shoppe.
 73966 | Depths:1 | Found Nesy's Antique Armour Emporium.
 73968 | Depths:1 | Found Soaseoza's Antique Weapon Shoppe.
 73984 | Depths:1 | Found a one-way gateway to a ziggurat.
 74185 | Depths:1 | Found Calarrug's Armour Shoppe.
 74206 | Depths:1 | Found Wiffib's Book Emporium.
 74269 | Depths:1 | Identified the +9 shortbow of Vodka {venom, rPois SInv}
 74281 | Depths:1 | Found Mekajah's General Store.
 74313 | Depths:1 | Reached skill level 18 in Invocations
 74313 | Depths:1 | Reached XP level 24. HP: 116/201 MP: 43/43
 74313 | Depths:1 | Received a gift from Trog
 74517 | Depths:1 | Bought a scroll of teleportation for 39 gold pieces
 74517 | Depths:1 | Bought a scroll of blinking for 97 gold pieces
 74517 | Depths:1 | Bought a potion of cancellation for 104 gold pieces
 74519 | Depths:1 | Found Zoubbet's Antique Armour Boutique.
 74524 | Depths:1 | Bought a faintly humming scale mail for 198 gold pieces
 74524 | Depths:1 | Identified the +5 scale mail of Summer {-Cast rCorr Stlth+}
                  | (You bought it in a shop on level 1 of the Depths)
 74704 | Depths:2 | Gained mutation: Your flesh is cold resistant. (rC+)
                  | [hidden potential]
 74863 | Depths:2 | Found a transporter.
 74870 | Depths:2 | Found a transporter.
 74883 | Depths:2 | Found Tepnos's Jewellery Shop.
 75676 | Depths:3 | Received a gift from Trog
 75677 | Depths:3 | Reached skill level 21 in Shields
 76134 | Depths:3 | Reached skill level 18 in Evocations
 76472 | Depths:3 | Identified the +0 short sword of the Onslaught {flame, rF+
                  | rCorr Str+4 Dex+3}
 76540 | Depths:3 | Noticed Sojobo
 76553 | Depths:3 | Noticed Parghit
 76905 | Depths:3 | Noticed Xtahua
 76906 | Depths:3 | Paralysed by Xtahua for 4 turns
 76924 | Depths:3 | Killed Xtahua
 76925 | Depths:3 | Reached skill level 18 in Axes
 77188 | Depths:3 | Killed Parghit
 77194 | Depths:3 | Found a shadowy altar of Dithmenos.
 77538 | Depths:3 | HP: 89/195 [Sojobo/bolt of lightning (18)]
 77541 | Depths:3 | HP: 42/188 [Sojobo/bolt of lightning (14)]
 77546 | Depths:3 | HP: 25/188 [poisoned by a tengu reaver (bolt of poison)]
 77917 | Depths:4 | Entered Level 4 of the Depths
 77989 | Depths:4 | Reached skill level 17 in Short Blades
 77989 | Depths:4 | Reached skill level 17 in Long Blades
 77989 | Depths:4 | Reached skill level 17 in Maces & Flails
 77989 | Depths:4 | Reached skill level 17 in Polearms
 77989 | Depths:4 | Reached skill level 17 in Staves
 77989 | Depths:4 | Reached skill level 17 in Ranged Weapons
 77989 | Depths:4 | Reached skill level 17 in Throwing
 77989 | Depths:4 | Reached skill level 17 in Stealth
 77989 | Depths:4 | Reached skill level 17 in Unarmed Combat
 77989 | Depths:4 | Reached skill level 17 in Spellcasting
 78258 | Depths:4 | Reached skill level 20 in Fighting
 78543 | Depths:4 | Found a snail-covered altar of Cheibriados.
 78546 | Depths:4 | Identified the +8 scale mail of Legron {Dex+4}
 78800 | Depths:4 | Received a gift from Trog
 79109 | Depths:4 | Found a gate to the Realm of Zot.
 79666 | Vaults:5 | Entered Level 5 of the Vaults
 79900 | Vaults:5 | Noticed a dread lich
 79926 | Vaults:5 | HP: 98/205 [???[a dread lich] (96)]
 79934 | Vaults:4 | Reached XP level 25. HP: 119/212 MP: 44/44
 80296 | Vaults:5 | Received a gift from Trog
 80297 | Vaults:5 | Killed a dread lich
 80305 | Vaults:5 | Gained mutation: Your flesh is very cold resistant. (rC++)
                  | [hidden potential]
 80305 | Vaults:5 | Lost mutation: You have hidden genetic potential. [hidden
                  | potential expressed]
 80310 | Vaults:5 | HP: 158/318 [titan/the air (17)]
 80315 | Vaults:5 | HP: 80/318 [flayed ghost/flay_damage (25)]
 80416 | Vaults:5 | Identified the +4 glaive "Widowmaker" {pain, rC- Dex+7}
 80620 | Vaults:5 | Reached skill level 19 in Evocations
 80718 | Vaults:5 | Reached skill level 18 in Armour
 80718 | Vaults:5 | Reached skill level 18 in Dodging
 81083 | Vaults:5 | Reached skill level 22 in Shields
 81135 | Vaults:5 | Identified the +6 long sword "Holami Juse" {vorpal, Fragile
                  | rF+++ Will++ Dex+3}
 81234 | Vaults:5 | Identified the ring "Nebbugu" {*Slow rF+ Will+++ Dex+5}
 81361 | Vaults:5 | Identified the +8 short sword of Reumeo {god gift, vorpal,
                  | Fly rC+} (Trog gifted it to you on level 5 of the Vaults)
 81361 | Vaults:5 | Received a gift from Trog
 81415 | Vaults:5 | Noticed an ancient lich
 81435 | Vaults:5 | Killed an ancient lich
 81436 | Vaults:5 | Reached skill level 19 in Invocations
 81543 | Vaults:5 | Reached skill level 15 in Conjurations
 81543 | Vaults:5 | Reached skill level 15 in Hexes
 81543 | Vaults:5 | Reached skill level 15 in Summonings
 81543 | Vaults:5 | Reached skill level 15 in Necromancy
 81543 | Vaults:5 | Reached skill level 15 in Translocations
 81543 | Vaults:5 | Reached skill level 15 in Transmutations
 81543 | Vaults:5 | Reached skill level 15 in Fire Magic
 81543 | Vaults:5 | Reached skill level 15 in Ice Magic
 81543 | Vaults:5 | Reached skill level 15 in Air Magic
 81543 | Vaults:5 | Reached skill level 15 in Earth Magic
 81543 | Vaults:5 | Reached skill level 15 in Poison Magic
 81782 | Vaults:5 | Reached skill level 21 in Fighting
 81912 | Vaults:5 | Got a silver rune of Zot
 81918 | Vaults:5 | Identified the +11 long sword of Valiance {protect, rElec
                  | Int+7 Dex-2}
 82749 | Elf:1    | Entered Level 1 of the Elven Halls
 82752 | Elf:1    | Found Viorant's Assorted Antiques.
 82855 | Elf:1    | Bought a coiled steel ring for 185 gold pieces
 82855 | Elf:1    | Identified the ring of the Cockroach {rElec Dex+6 SInv
                  | Stlth+} (You bought it in a shop on level 1 of the Elven
                  | Halls)
 82855 | Elf:1    | Bought a scroll of blinking for 277 gold pieces
 82855 | Elf:1    | Bought a scroll of fear for 148 gold pieces
 82878 | Elf:1    | Found a radiant altar of Vehumet.
 83087 | Elf:1    | Received a gift from Trog
 83531 | Elf:2    | Found Wogrony's Weapon Shop.
 83624 | Elf:2    | Found a runed translucent gate.
 83631 | Elf:2    | Found a runed translucent gate.
 83631 | Elf:2    | Found a runed translucent gate.
 83829 | Elf:2    | Identified the +10 trident of Invincibility {god gift,
                  | vorpal, Drain Dex+5} (Trog gifted it to you on level 2 of
                  | the Elven Halls)
 83829 | Elf:2    | Received a gift from Trog
 83985 | Elf:2    | Reached XP level 26. HP: 222/222 MP: 44/44
 84116 | Elf:2    | Reached skill level 20 in Evocations
 84184 | Elf:2    | Reached skill level 18 in Short Blades
 84184 | Elf:2    | Reached skill level 18 in Long Blades
 84184 | Elf:2    | Reached skill level 18 in Maces & Flails
 84184 | Elf:2    | Reached skill level 18 in Polearms
 84184 | Elf:2    | Reached skill level 18 in Staves
 84184 | Elf:2    | Reached skill level 18 in Ranged Weapons
 84184 | Elf:2    | Reached skill level 18 in Throwing
 84184 | Elf:2    | Reached skill level 18 in Stealth
 84184 | Elf:2    | Reached skill level 18 in Unarmed Combat
 84184 | Elf:2    | Reached skill level 18 in Spellcasting
 84187 | Elf:2    | Found Femiw's Weapon Boutique.
 84200 | Elf:2    | Found Reucazin's Distillery.
 84214 | Elf:2    | Reached skill level 19 in Axes
 84228 | Elf:2    | Received a gift from Trog
 84261 | Elf:2    | Bought a potion of heal wounds for 60 gold pieces
 84261 | Elf:2    | Bought 2 potions of resistance for 240 gold pieces
 84261 | Elf:2    | Bought a potion of heal wounds for 60 gold pieces
 84261 | Elf:2    | Bought a potion of heal wounds for 60 gold pieces
 84308 | Elf:2    | Found Appiul's Magic Scroll Shop.
 84317 | Elf:2    | Bought a scroll of teleportation for 39 gold pieces
 84317 | Elf:2    | Bought a scroll of blinking for 97 gold pieces
 84317 | Elf:2    | Bought a scroll of enchant armour for 97 gold pieces
 84317 | Elf:2    | Bought a scroll of magic mapping for 97 gold pieces
 84330 | Elf:2    | Found Ciemeeta's General Store.
 84338 | Elf:2    | Bought a scroll of blinking for 135 gold pieces
 84338 | Elf:2    | Bought a potion of cancellation for 144 gold pieces
 84617 | Elf:3    | Entered Level 3 of the Elven Halls
 84862 | Elf:3    | Noticed Donald
 84875 | Elf:3    | Killed Donald
 84879 | Elf:3    | Identified the +10 war axe "Patt" {freeze, rN+}
 84898 | Elf:3    | Found Qapt's Weapon Emporium.
 85136 | Elf:3    | Found the +2 shield of Resistance {rF++ rC++ Will++}
 85560 | Elf:3    | Reached skill level 23 in Shields
 85747 | Elf:3    | Received a gift from Trog
 85850 | Elf:3    | Identified the +12 great sword "Raisin" {flame, *Slow Will+
                  | Str+3}
 85850 | Elf:3    | Identified the ring "Ustrytzio" {*Corrode rPois MP+9 Dex+6}
 85851 | Elf:3    | Paralysed by an air elemental for 1 turns
 85858 | Elf:3    | Paralysed by an air elemental for 1 turns
 85892 | Elf:3    | Identified the +1 scale mail of the Morning {Regen+ Str-3
                  | Int+3}
 85913 | Elf:3    | Identified the +7 falchion "Grim Tooth" {flame, Dex+4}
 85966 | Elf:3    | Identified the +2 morningstar "Wuliroakh" {elec, rPois
                  | Int+4}
 86304 | Zot:1    | Entered Level 1 of the Realm of Zot
 86315 | Depths:4 | HP: 107/222 [poisoned by a green draconian (poison gas)]
 86320 | Depths:4 | HP: 97/222 [poisoned by a green draconian (poison gas)]
 86325 | Depths:4 | HP: 94/222 [poisoned by a green draconian (poison gas)]
 86331 | Depths:4 | HP: 96/222 [hell knight/+4 great sword of pain (1)]
 86889 | Zot:1    | Reached skill level 22 in Fighting
 88117 | Zot:2    | HP: 112/225 [purple draconian shifter/bolt of dispelling
                  | energy[a green draconian monk] (30)]
 88361 | Zot:1    | Lost mutation: Your muscles are strong. (Str +4, Int/Dex
                  | -1) [potion of mutation]
 88361 | Zot:1    | Lost mutation: Your flesh is very cold resistant. (rC++)
                  | [potion of mutation]
 88361 | Zot:1    | Gained mutation: Potions are less effective at restoring
                  | your health. [potion of mutation]
 88362 | Zot:1    | Lost mutation: You passively dampen the noise of your
                  | surroundings. [potion of mutation]
 88362 | Zot:1    | Lost mutation: Potions are less effective at restoring your
                  | health. [potion of mutation]
 88362 | Zot:1    | Lost mutation: Your flesh is cold resistant. (rC+) [potion
                  | of mutation]
 88362 | Zot:1    | Gained mutation: You are weak. (Str -2) [potion of
                  | mutation]
 88362 | Zot:1    | Gained mutation: You are somewhat resistant to further
                  | mutation. [potion of mutation]
 88363 | Zot:1    | Lost mutation: Your movements are slightly less encumbered
                  | by armour. (ER -2) [potion of mutation]
 88363 | Zot:1    | Lost mutation: You are weak. (Str -2) [potion of mutation]
 88363 | Zot:1    | Lost mutation: You are somewhat resistant to further
                  | mutation. [potion of mutation]
 88363 | Zot:1    | Gained mutation: Your body sometimes deteriorates upon
                  | taking damage. [potion of mutation]
 88363 | Zot:1    | Gained mutation: You have hidden genetic potential. [potion
                  | of mutation]
 88364 | Zot:1    | Lost mutation: Your body sometimes deteriorates upon taking
                  | damage. [potion of mutation]
 88364 | Zot:1    | Lost mutation: You sometimes lose the ability to drink
                  | potions when taking damage. [potion of mutation]
 88364 | Zot:1    | Lost mutation: You occasionally lose the ability to drink
                  | potions when taking damage. [potion of mutation]
 88364 | Zot:1    | Gained mutation: You are dopey. (Int -2) [potion of
                  | mutation]
 88364 | Zot:1    | Gained mutation: Your natural rate of healing is unusually
                  | fast. [potion of mutation]
 88478 | Zot:2    | Reached skill level 20 in Invocations
 88499 | Zot:2    | Reached skill level 19 in Armour
 88499 | Zot:2    | Reached skill level 19 in Dodging
 88878 | Zot:3    | Reached skill level 21 in Evocations
 89155 | Zot:3    | Reached XP level 27. HP: 222/227 MP: 45/45
 89528 | Zot:4    | Received a gift from Trog
 89656 | Zot:4    | Found a runed translucent door.
 89659 | Zot:4    | Noticed wilo's ghost (master MfBe)
 89719 | Zot:4    | Reached skill level 16 in Conjurations
 89719 | Zot:4    | Reached skill level 16 in Hexes
 89719 | Zot:4    | Reached skill level 16 in Summonings
 89719 | Zot:4    | Reached skill level 16 in Necromancy
 89719 | Zot:4    | Reached skill level 16 in Translocations
 89719 | Zot:4    | Reached skill level 16 in Transmutations
 89719 | Zot:4    | Reached skill level 16 in Fire Magic
 89719 | Zot:4    | Reached skill level 16 in Ice Magic
 89719 | Zot:4    | Reached skill level 16 in Air Magic
 89719 | Zot:4    | Reached skill level 16 in Earth Magic
 89719 | Zot:4    | Reached skill level 16 in Poison Magic
 90040 | Zot:4    | Identified the amulet "Icudakhlori" {RegenMP rPois rN+
                  | Stlth+}
 90046 | Zot:4    | Reached skill level 24 in Shields
 90053 | Zot:4    | HP: 115/233 [green draconian/+0 long sword (6)]
 90061 | Zot:4    | HP: 137/349 [quicksilver dragon/bolt of dispelling energy
                  | (40)]
 90584 | Zot:4    | Reached skill level 23 in Fighting
 90638 | Zot:4    | Reached skill level 19 in Short Blades
 90638 | Zot:4    | Reached skill level 19 in Long Blades
 90638 | Zot:4    | Reached skill level 19 in Maces & Flails
 90638 | Zot:4    | Reached skill level 19 in Polearms
 90638 | Zot:4    | Reached skill level 19 in Staves
 90638 | Zot:4    | Reached skill level 19 in Ranged Weapons
 90638 | Zot:4    | Reached skill level 19 in Throwing
 90638 | Zot:4    | Reached skill level 19 in Stealth
 90638 | Zot:4    | Reached skill level 19 in Unarmed Combat
 90638 | Zot:4    | Reached skill level 19 in Spellcasting
 90715 | Zot:4    | Received a gift from Trog
 91207 | Zot:5    | Entered Level 5 of the Realm of Zot
 91225 | Zot:5    | Reached skill level 20 in Axes
 91237 | Zot:5    | Noticed an orb of fire
 91250 | Zot:5    | Gained mutation: Your body sometimes deteriorates upon
                  | taking damage. [an orb of fire]
 91255 | Zot:5    | Killed an orb of fire
 91259 | Zot:5    | Lost mutation: You are dopey. (Int -2) [hidden potential]
 91371 | Zot:5    | Reached skill level 22 in Evocations
 91563 | Zot:5    | Identified the +5 helmet of Beyond {Dex+3}
 91836 | Zot:5    | Noticed an orb of fire
 91853 | Zot:5    | Gained mutation: You are dopey. (Int -2) [an orb of fire]
 91855 | Zot:5    | Killed an orb of fire
 91872 | Zot:5    | Noticed an orb of fire
 91898 | Zot:5    | Killed an orb of fire
 91978 | Zot:5    | Received a gift from Trog
 91979 | Zot:5    | Reached skill level 21 in Invocations
 92107 | Zot:5    | Got the Orb of Zot
 92271 | Zot:1    | Reached skill level 20 in Armour
 92271 | Zot:1    | Reached skill level 20 in Dodging
 92452 | Depths:1 | Gained mutation: You occasionally lose the ability to drink
                  | potions when taking damage. [a cacodemon]
 92487 | Depths:1 | Lost mutation: You have hidden genetic potential. [potion
                  | of mutation]
 92487 | Depths:1 | Lost mutation: Your natural rate of healing is unusually
                  | fast. [potion of mutation]
 92487 | Depths:1 | Gained mutation: Your body often deteriorates upon taking
                  | damage. [potion of mutation]
 92487 | Depths:1 | Gained mutation: You sometimes lose the ability to drink
                  | potions when taking damage. [potion of mutation]
 92488 | Depths:1 | Lost mutation: You sometimes lose the ability to drink
                  | potions when taking damage. [potion of mutation]
 92488 | Depths:1 | Lost mutation: Your body often deteriorates upon taking
                  | damage. [potion of mutation]
 92488 | Depths:1 | Gained mutation: You are strong-willed. (Will+) [potion of
                  | mutation]
 92488 | Depths:1 | Lost mutation: You occasionally lose the ability to drink
                  | potions when taking damage. [potion of mutation]
 92489 | Depths:1 | Lost mutation: You are strong-willed. (Will+) [potion of
                  | mutation]
 92489 | Depths:1 | Lost mutation: Your body sometimes deteriorates upon taking
                  | damage. [potion of mutation]
 92489 | Depths:1 | Lost mutation: You are dopey. (Int -2) [potion of mutation]
 92489 | Depths:1 | Gained mutation: You are somewhat resistant to further
                  | mutation. [potion of mutation]
 92556 | D:15     | HP: 60/229 [??? (57)]
 92870 | D:1      | HP: 58/223 [??? (55)]
 92882 | D:1      | Reached skill level 24 in Fighting
 92970 | D:1      | Noticed Wotiet the pandemonium lord
 92976 | D:$      | Escaped with the Orb!

Illustrated notes

Levels and vault maps discovered:
D:1:      psy_arrival_heroes, layout_basic
D:2:      layout_basic, shapermc_ecumenical_altar_rom_forum, fountainhead,
          uniq_terence
D:3:      layout_rooms
D:4:      layout_loops_ring, minmay_temple_entry_statues, gup_sewer_entry_pipe
D:5:      layout_cave_pools, gammafunk_ghost_grave, serial_bayou_pond_e,
          corexii_corridor_pit, uniq_edmund
D:6:      layout_loops_ring
D:7:      nicolae_BIG_FREAKIN_CUBE, layout_basic, grunt_decor_arrowhead
D:8:      layout_loops_corners, dpeg_oklobed_lair, special_room
          [special_room_orc], enter_bailey_2, kennysheep_decorative_pillar
D:9:      layout_cave_pools, nicolae_wu_jian_wuxing_cycle, special_room
          [special_room_kobold], gammafunk_ghost_grave, serial_shops, shop,
          minivault_28, uniq_pikel
D:10:     layout_cross, david_orc_2, serial_gnoll_camp, gnoll_camp_mini_shop,
          gnoll_camp_mini_hut, gnoll_camp_medium_01, gnoll_camp_mini_hut,
          gnoll_camp_mini_doghouse, gnoll_camp_mini_shop, evilmike_butchery
D:11:     layout_irregular_city, uniq_snorg
D:12:     layout_basic, nicolae_trove_entry_crossroad, uniq_psyche
D:13:     layout_gridville, david_vaults_5, portal_ice_cave_entry_pillars_2,
          nicolae_qazlal_style_of_elements
D:14:     layout_irregular_city, amethyst_killhole, led_sif_pool
D:15:     gammafunk_enter_depths_forms, layout_layer_cave, glass_columns_a,
          special_room [special_room_bee], dancing_weapons_uskayaw,
          uniq_josephine
Lair:1:   gammafunk_lair_enchanted_lake, layout_chaotic_city, uniq_sonja,
          uniq_amaemon
Lair:2:   layout_roguey, minmay_shoals_entry_beasts, spider_nest_entry_webs,
          uniq_nergalle
Lair:3:   lemuel_slime, layout_regular_city, basic_altar, minmay_holes,
          infiniplex_staircase_pool, serial_bayou_shore_a, grunt_megastairs_2,
          uniq_urug
Lair:4:   layout_regular_city, grunt_megastairs_3
Lair:5:   hellmonk_lair_end_abyssal_woods, layout_cave_shapes,
          minmay_slime_entry_jelly_boxes
Shoals:1: layout_shoals
Shoals:2: layout_shoals
Shoals:3: layout_shoals, centaur_isle, uniq_nikola
Shoals:4: shoals_end_hellmonk_lost_city, serial_shops, uniq_polyphemus
Spider:1: layout_spider_delve, nicolae_spider_paper_wasps
Spider:2: layout_spider_delve, nicolae_spider_twisty_arc_passages, uniq_arachne,
          uniq_asterion, uniq_agnes
Spider:3: layout_spider_delve, uniq_mara, uniq_bai_suzhen
Spider:4: guppyfry_spider_rune, hellmonk_spider_spawner
Slime:1:  layout_caves
Slime:2:  cheibrodos_slime_lost_civilization_10, layout_caves,
          nicolae_slime_phagocytosis
Slime:3:  layout_caves
Slime:4:  layout_caves
Slime:5
Orc:1:    layout_caves, basic_altar, serial_shops, shop, mines4_lemuel,
          uniq_erolcha
Orc:2:    pf_orc_diabolical, layout_caves, uniq_rupert
Elf:1:    minmay_elf_arrival_plus, layout_loops_ring, basic_altar, serial_shops,
          shop, minmay_elf_annihilation
Elf:2:    nicolae_elf_blades_crystal_corner, layout_gridlike, serial_shops,
          nicolae_diamond_shop, shop, shop, nicolae_shop_stone, shop
Elf:3:    minmay_elf_hall_furrowed, layout_loops_cross, serial_shops,
          nicolae_shop_advertising_works [nicolae_subvault_shop_adworks],
          minivault_28, uniq_donald
Vaults:1: portal_desolation_entry_twin_temple, vaults_dpeg_spiral,
          nicolae_vaults_disjoint_gnomons, hangedman_vaults_nodes,
          vaults_room_grunt_arrival_ludios, ontoclasm_vaults_eye,
          nicolae_vaults_stairing_the_circle, grunt_vaults_focal, v_misc_3,
          v_misc_15, vaults_room_ringed_pool, vaults_dpeg_hooks,
          ontoclasm_vaults_misaligned, layout_vaults_maze
Vaults:2: grunt_vaults_funnel, vaults_room_guarded_vault,
          ontoclasm_vaults_tryst, dpeg_vaults_monster_box, v_pattern_2,
          nicolae_vaults_puzzle_piece, v_rooms_5, hangedman_vaults_snaps,
          vaults_dpeg_diagonal, ontoclasm_vaults_pinch,
          nicolae_vaults_little_ls, v_misc_24, vaults_room_hallway, v_misc_15,
          layout_vaults_omnibox, uniq_margery, uniq_jory, uniq_boris, uniq_aizul
Vaults:3: grunt_vaults_twisty, nicolae_vaults_triangles,
          minmay_crypt_entry_necro_gods, ontoclasm_vaults_loading_screen,
          hangedman_vaults_stitches, v_misc_12, hangedman_vaults_unwind,
          v_misc_11, vaults_dpeg_ring, ontoclasm_vaults_twist,
          layout_vaults_ring, serial_shops, nicolae_shop_hallway_stairs,
          serial_glass
Vaults:4: nicolae_vaults_puzzle_piece, vaults_room_door_hall,
          grunt_vaults_bifocal, nicolae_vaults_puzzle_piece,
          hangedman_vaults_slither, v_misc_9, ontoclasm_vaults_claustrophobia,
          vaults_room_octagon, v_misc_23, v_misc_18, vaults_room_door_ring,
          layout_vaults_omnicross, serial_shops, bzr_entry_road
Vaults:5
Crypt:1:  layout_chaotic_city, ebering_ghost_gozag, grunt_crypt_arrival_webbed,
          uniq_josephina
Crypt:2:  lemuel_minitomb, layout_chaotic_city
Crypt:3:  evilmike_haunted_forest, uniq_grunn
Depths:1: layout_forbidden_donut, enter_ziggurat_b, serial_shops, shop,
          nicolae_shop_overgrown_old_shop,
          nicolae_shop_temple_entry_statues_fountains, nicolae_shop_waterfront,
          kennysheep_little_box, abyss_entry_small_statue_room, hell_entry,
          lightli_minifort, minmay_shop_star, serial_bayou_shore_b
Depths:2: gammafunk_the_bubble [the_bubble_gammafunk_crates], layout_cave_pools,
          grunt_decor_fettered, serial_shops, nicolae_square_shop,
          grunt_pan_entry_spiral, hell_entry
Depths:3: nzn_winding_woodlands_three_and_one [nzn_winding_woodlands_5x15_pool,
          nzn_winding_woodlands_5x15_jagged, nzn_winding_woodlands_5x15_cabin,
          nzn_winding_woodlands_center_triple_pond], layout_honeycomb,
          rand_demon_pan_entry_4, abyss_entry, hell_entry,
          grunt_dithmenos_smoke, uniq_parghit, uniq_sojobo, uniq_xtahua
Depths:4: evilmike_zot_entry_basic, layout_gridville,
          nicolae_concentric_dashed_squares_wild, pf_hell_entry_tar_river,
          pan_entry, serial_sigils, serial_sigils_hangedman_quiver,
          serial_sigils_hangedman_snap, serial_sigils_hangedman_confine,
          serial_sigils_hangedman_scar, chequers_serial_rivers_marsh,
          cheibriados_altar_1
Zot:1:    layout_gridlike, grunt_megastairs_1
Zot:2:    layout_onion, skrybe_zot_glass_3
Zot:3:    kennysheep_blocky_hall, layout_twisted_circle
Zot:4:    cheibrodos_zot_enchanting_chambers, layout_concentric_octagons,
          ebering_ghost_inner_flame, grunt_ministairs_4, grunt_megastairs_4
Zot:5:    layout_gridville, st_stairs_8, lemuel_baited_zot_trap,
          grunt_ministairs_6

Skill      XL: |  1  2  3  4  5  6  7  8  9 10 11 12 13 14 15 16 17 18 19 20 21 22 23 24 25 26 27 |
---------------+----------------------------------------------------------------------------------+-----
Short Blades   | 1 2 3 5 6 7 8 9 10 11 12 13 14 15 16 17 18 19 | 19.6
Long Blades    | 1 2 3 5 6 7 8 9 10 11 12 13 14 15 16 17 18 19 | 19.6
Maces & Flails | 1 2 3 5 6 7 8 9 10 11 12 13 14 15 16 17 18 19 | 19.6
Polearms       | 1 2 3 5 6 7 8 9 10 11 12 13 14 15 16 17 18 19 | 19.6
Staves         | 1 2 3 5 6 7 8 9 10 11 12 13 14 15 16 17 18 19 | 19.6
Ranged Weapons | 1 2 3 5 6 7 8 9 10 11 12 13 14 15 16 17 18 19 | 19.6
Throwing       | 1 2 3 5 6 7 8 9 10 11 12 13 14 15 16 17 18 19 | 19.6
Stealth        | 1 2 3 5 6 7 8 9 10 11 12 13 14 15 16 17 18 19 | 19.6
Shields        | 1 2 3 5 6 7 8 9 10 11 12 14 15 16 17 18 19 20 21 22 23 24 | 24.9
Unarmed Combat | 1 2 3 5 6 7 8 9 10 11 12 13 14 15 16 17 18 19 | 19.6
Spellcasting   | 1 2 3 5 6 7 8 9 10 11 12 13 14 15 16 17 18 19 | 19.6
Invocations    | 1 2 3 4 5 6 7 8 9 10 11 12 13 14 15 16 17 18 19 20 21 | 21.1
Evocations     | 1 2 3 5 6 7 8 9 10 11 12 13 14 15 16 17 18 19 21 22 | 22.7
Conjurations   | 1 2 3 4 5 6 7 8 9 10 11 12 13 14 15 16 | 16.7
Hexes          | 1 2 3 4 5 6 7 8 9 10 11 12 13 14 15 16 | 16.7
Summonings     | 1 2 3 4 5 6 7 8 9 10 11 12 13 14 15 16 | 16.7
Necromancy     | 1 2 3 4 5 6 7 8 9 10 11 12 13 14 15 16 | 16.7
Translocations | 1 2 3 4 5 6 7 8 9 10 11 12 13 14 15 16 | 16.7
Transmutations | 1 2 3 4 5 6 7 8 9 10 11 12 13 14 15 16 | 16.7
Fire Magic     | 1 2 3 4 5 6 7 8 9 10 11 12 13 14 15 16 | 16.7
Ice Magic      | 1 2 3 4 5 6 7 8 9 10 11 12 13 14 15 16 | 16.7
Air Magic      | 1 2 3 4 5 6 7 8 9 10 11 12 13 14 15 16 | 16.7
Earth Magic    | 1 2 3 4 5 6 7 8 9 10 11 12 13 14 15 16 | 16.7
Poison Magic   | 1 2 3 4 5 6 7 8 9 10 11 12 13 14 15 16 | 16.7
Armour         | 5 6 7 8 9 10 11 12 13 14 15 16 17 18 19 20 | 20.0
Dodging        | 5 6 7 8 9 10 11 12 13 14 15 16 17 18 19 20 | 20.0
Fighting       | 7 8 9 10 11 12 13 14 15 17 18 19 20 21 22 24 | 24.0
Axes           | 7 8 9 10 11 12 13 14 15 16 17 18 19 20 | 20.4

Action                   |  1- 3 |  4- 6 |  7- 9 | 10-12 | 13-15 | 16-18 | 19-21 | 22-24 | 25-27 || total
-------------------------+-------+-------+-------+-------+-------+-------+-------+-------+-------++-------
Melee: Hand axe          |   101 |    93 |    14 |       |       |       |       |       |       ||   208
       Bite              |     9 |    21 |    47 |    76 |   310 |   422 |   282 |   439 |   506 ||  2112
       Punch             |       |     5 |     9 |    24 |       |       |       |       |       ||    38
       Short sword       |       |    84 |   150 |       |       |       |       |       |       ||   234
       Unarmed           |       |       |    10 |       |       |       |       |       |       ||    10
       War axe           |       |       |    35 |       |       |       |       |       |       ||    35
       Morningstar       |       |       |   162 |   248 |       |       |       |       |       ||   410
       Scimitar          |       |       |       |   129 |       |       |       |       |       ||   129
       Demon whip        |       |       |       |   229 |   555 |   333 |   221 |       |       ||  1338
       Whip              |       |       |       |       |  1282 |  1671 |   259 |       |       ||  3212
       Eveningstar       |       |       |       |       |    32 |   263 |    41 |       |       ||   336
       Broad axe         |       |       |       |       |       |       |  1025 |  1859 |  2045 ||  4929
 Fire: Shortbow          |       |       |       |     1 |       |       |       |       |       ||     1
Throw: Boomerang         |       |     3 |     6 |    26 |     6 |    94 |    52 |    52 |       ||   239
       Dart              |       |       |    22 |    62 |       |     6 |       |       |       ||    90
       Javelin           |       |       |       |       |       |       |       |    17 |       ||    17
Invok: Berserk           |     1 |     2 |     4 |     4 |     4 |     4 |     6 |     7 |     2 ||    34
       Brothers in Arms  |       |       |       |       |       |     4 |       |       |       ||     4
       Trog's Hand       |       |       |       |       |       |     2 |       |     2 |       ||     4
Evoke: Wand              |       |       |     1 |       |     5 |    24 |       |       |     4 ||    34
       Phantom mirror    |       |       |       |       |       |     1 |       |       |       ||     1
  Use: Scroll            |       |       |       |    15 |    17 |     9 |     8 |    15 |     9 ||    73
       Potion            |       |       |       |       |     1 |     9 |     1 |     4 |    26 ||    41
 Stab: Sleeping          |       |       |     2 |     4 |     1 |       |       |     1 |     9 ||    17
       Distracted        |       |       |       |     2 |       |     1 |       |     1 |       ||     4
       Paralysed         |       |       |       |       |       |     6 |       |       |       ||     6
       Invisible         |       |       |       |       |       |     1 |       |       |       ||     1
Armor: Ring mail         |    21 |     2 |       |       |       |       |       |       |       ||    23
       Animal skin       |     1 |       |       |       |       |       |       |       |       ||     1
       Scale mail        |       |    51 |   146 |   168 |    69 |       |       |       |       ||   434
       Plate armour      |       |       |       |   149 |   486 |   887 |   204 |       |       ||  1726
       Crystal plate arm |       |       |       |       |       |       |   176 |   382 |     9 ||   567
       Gold dragon scale |       |       |       |       |       |       |       |    74 |   386 ||   460
Dodge: Dodged            |    48 |    76 |   228 |   260 |   499 |   960 |   334 |   280 |   445 ||  3130
Block: Other             |    12 |    31 |   102 |   100 |       |       |     2 |       |       ||   247
       Reflection        |       |       |     1 |     4 |    36 |    66 |    61 |    17 |    95 ||   280
       Kite shield       |       |       |       |   141 |  1316 |  1866 |   458 |       |   848 ||  4629
       Tower shield      |       |       |       |       |       |       |   713 |  1712 |   524 ||  2949
